Workbook
Name _d: OFFSET(Full_Print,0,0,'BESS Cashflow AFS FI'!Last_Row)
Name _d: OFFSET(Full_Print,0,0,'Megaflex LA'!Last_Row)
Name _d: OFFSET(Full_Print,0,0,[0]!Last_Row)
Name _p1: OFFSET(Full_Print,0,0,'BESS Cashflow AFS FI'!Last_Row)
Name _p1: OFFSET(Full_Print,0,0,'Megaflex LA'!Last_Row)
Name _p1: OFFSET(Full_Print,0,0,Last_Row)
Name Annual_Cycles: 'BESS Cashflow AFS FI'!$H$55
Name AS2DocOpenMode: "AS2DocumentBrowse"
Name AssetClasses: #REF!
Name BEE_SH1: #REF!
Name BEE_SH2: #REF!
Name BEE_SH3: #REF!
Name BEE_SH4: #REF!
Name BESS_COD: 'BESS Cashflow AFS FI'!$G$4
Name BESS_PPA_EndDate: 'BESS Cashflow AFS FI'!$G$6
Name BESS_Price: 'BESS Cashflow AFS FI'!$H$29
Name Breach: #REF!
Name Button_3: "Carlsberg_estimat_Resultatopgørelse_List"
Name Button_78: "NSI_Download_APS_List"
Name CapexCategory: #REF!
Name Check_sensi: #REF!
Name Col_Name: #REF!
Name Con_End: #REF!
Name Con_Start: #REF!
Name CostDrivers: #REF!
Name cu: "R m"
Name Curr_Base: #REF!
Name Currencies: #REF!
Name date: NOW()
Name Days_Year: #REF!
Name Delay_End: #REF!
Name Delay_Start: #REF!
Name Div_Delta: #REF!
Name DivPayable_Copy: #REF!
Name DNB: "TickerRange"
Name DQA: MATCH(0.01,End_Bal,-1)+1
Name DQA: MATCH(0.01,End_Bal,-1)+1
Name DQA: MATCH(0.01,End_Bal,-1)+1
Name DriverGroups: #REF!
Name DS_Delta: #REF!
Name DS_Paste: #REF!
Name ErrorClasses: #REF!
Name Escalations: #REF!
Name EWRFWERWEQ: MATCH(0.01,End_Bal,-1)+1
Name EWRFWERWEQ: MATCH(0.01,End_Bal,-1)+1
Name EWRFWERWEQ: MATCH(0.01,End_Bal,-1)+1
Name Fin_Close: #REF!
Name Final_Mth: #REF!
Name FINCopyDirection: 1
Name FINCriteriaType: 1
Name foi: MATCH(0.01,End_Bal,-1)+1
Name foi: MATCH(0.01,End_Bal,-1)+1
Name foi: MATCH(0.01,End_Bal,-1)+1
Name Forex_Escalations: #REF!
Name Fuel_Units: #REF!
Name FuelOptions: #REF!
Name Funding_Delta: #REF!
Name Funding_Paste: #REF!
Name FundSplitSub_Copy: #REF!
Name GenDistrOptions: #REF!

Sheet Cover Page
B2: Contents
B4: Type | C4: Sheet Name | D4: Description
B5: Instructions | C5: Contents page | D5: Contents page
B6: Input (Required by Bidder) | C6: Template 1a - PV: Fully Indexed Cashflow Waterfall | D6: Annual cash waterfall of bidder, including termination calculations for a fully indexed tariff
B7: Input (Required by Bidder) | C7: Template 1b - BESS: Fully Indexed Cashflow Waterfall | D7: Annual cash waterfall of bidder, including termination calculations for a fully indexed tariff
B8: Input (Required by Bidder) | C8: Template 2 - Capex appendix | D8: Capex breakdown and sensitivities
B9: Input (Required by Bidder) | C9: Template 3 - Success and Dev fee appendix | D9: Bidder's success fees and development fees
B10: Input (Required by Bidder) | C10: Template 3 - Debt funding appendix | D10: Bidder's debt funding approach
B11: Input (Required by Bidder) | C11: Template 4 - Technical appexdix | D11: Bidders technical inputs
B12: Input (Required by Bidder) | C12: Template 5 - BEE appendix | D12: Annual cash waterfall of bidder BEE distributions
C13: Template 6 - Macro-economic inputs | D13: Macro-economic inputs required to be used in the financial model
B14: Input | C14: Template 7 - Issues | D14: All discrepancies between the financial model and the templates can be recorded here
C15: Template 8 - Eskom Inputs 1 | D15: Eskom Megaflex Generator Tariffs - Non Local Authority
C16: Template 9 - Eskom Inputs 2 | D16: Eskom Megaflex Tariffs - Local Authority
B19: Legend
B21: Work Sheets
B22: Input Sheets (Required by Bidder)
B24: Legend
B25: Input Cells (Required by Bidder) | C25: xxx
B26: Selection Cell
B27: Check Cell
B28: Calculation Cell | C28: xxx
B30: Key Instructions
B31: 1. The submission requires all templates to be completed per Site and per Technology
B32: 2. Each template is required to be copied into the bidders financial model and each input cell should be linked accurately to the financial model
B33: 3. Bidders to submit a source or reference for each input provided
B34: 4. All information in these templates should accurately reflect the information in the financial model as well as supporting documentation
B35: 5. GUoS should be included in the Price (if applicable)
B36: 6. All bidders should align the Annual Financial Statement to begin [1 July]
B37: 7. All discrepancies between the financial model and the templates need to be justified in writing in the Issues sheet
B38: 8. All errors to be addressed before submission
B39: 9. No changes to the macro-economic inputs will be accepted
B40: 10. Please ensure that all templates are copied to the bidders financial model to prevent any external links

Sheet PV Cashflow AFS FI
B1: Back to Cover Page
B3: Validity Check | F3: Construction Start | G3: COD | H3: Template Model start | I3: =IF(MONTH(H4)=7,H4,"Template Model Start Must Be July") -> 45839 | J3: =I4+1 -> 46204 | K3: =J4+1 -> 46569 | L3: =K4+1 -> 46935 | M3: =L4+1 -> 47300 | N3: =M4+1 -> 47665 | O3: =N4+1 -> 48030 | P3: =O4+1 -> 48396 | Q3: =P4+1 -> 48761 | ... AG3: =AF4+1 -> 54605
B4: =IF(SUM(A20:A38,A43,A48,A51,A63:A72,A85:A112,A116,A119:A120,A128,A149:A150,A153:A154,A175,A184,A187,A192,A195,A223,A261:A262,A274:A275,A284:A285,A337)=0,0,1) -> 1 | F4: 45809 | G4: =DATE(YEAR(F4),MONTH(F4)+F6,DAY(F4)) -> 46054 | H4: 45839 | I4: =EOMONTH(I3,11) -> 46203 | J4: =EOMONTH(J3,11) -> 46568 | K4: =EOMONTH(K3,11) -> 46934 | L4: =EOMONTH(L3,11) -> 47299 | M4: =EOMONTH(M3,11) -> 47664 | N4: =EOMONTH(N3,11) -> 48029 | O4: =EOMONTH(O3,11) -> 48395 | P4: =EOMONTH(P3,11) -> 48760 | ... AG4: =EOMONTH(AG3,11) -> 54969
B5: =SUM(A20:A356) -> 39 | F5: Construction Period | G5: End of PPA | H5: PPA Period | I5: =YEAR(I4) -> 2026 | J5: =YEAR(J4) -> 2027 | K5: =YEAR(K4) -> 2028 | L5: =YEAR(L4) -> 2029 | M5: =YEAR(M4) -> 2030 | N5: =YEAR(N4) -> 2031 | O5: =YEAR(O4) -> 2032 | P5: =YEAR(P4) -> 2033 | ... AG5: =YEAR(AG4) -> 2050
F6: 8 | G6: =DATE(YEAR(G4)+H6,MONTH(G4),DAY(G4)-1) -> 53358 | H6: 20
A7: Enter all figures in ZAR '000. Only input into grey cells | G7: Construction Period | I7: =IF(AND(I4>$F$4,I3<$G$4),1,0) -> 1 | J7: =IF(AND(J4>$F$4,J3<$G$4),1,0) -> 0 | K7: =IF(AND(K4>$F$4,K3<$G$4),1,0) -> 0 | L7: =IF(AND(L4>$F$4,L3<$G$4),1,0) -> 0 | M7: =IF(AND(M4>$F$4,M3<$G$4),1,0) -> 0 | N7: =IF(AND(N4>$F$4,N3<$G$4),1,0) -> 0 | O7: =IF(AND(O4>$F$4,O3<$G$4),1,0) -> 0 | P7: =IF(AND(P4>$F$4,P3<$G$4),1,0) -> 0 | ... AG7: =IF(AND(AG4>$F$4,AG3<$G$4),1,0) -> 0
G8: COD Flag | H8: Start of Project Operations | I8: =IF(AND(I3<=$G$4,I4>=$G$4),1,0) -> 1 | J8: =IF(AND(J3<=$G$4,J4>=$G$4),1,0) -> 0 | K8: =IF(AND(K3<=$G$4,K4>=$G$4),1,0) -> 0 | L8: =IF(AND(L3<=$G$4,L4>=$G$4),1,0) -> 0 | M8: =IF(AND(M3<=$G$4,M4>=$G$4),1,0) -> 0 | N8: =IF(AND(N3<=$G$4,N4>=$G$4),1,0) -> 0 | O8: =IF(AND(O3<=$G$4,O4>=$G$4),1,0) -> 0 | P8: =IF(AND(P3<=$G$4,P4>=$G$4),1,0) -> 0 | ... AG8: =IF(AND(AG3<=$G$4,AG4>=$G$4),1,0) -> 0
G9: Operations Active | I9: =IF(AND(I4>=$G$4,I3<=$G$6),1,0) -> 1 | J9: =IF(AND(J4>=$G$4,J3<=$G$6),1,0) -> 1 | K9: =IF(AND(K4>=$G$4,K3<=$G$6),1,0) -> 1 | L9: =IF(AND(L4>=$G$4,L3<=$G$6),1,0) -> 1 | M9: =IF(AND(M4>=$G$4,M3<=$G$6),1,0) -> 1 | N9: =IF(AND(N4>=$G$4,N3<=$G$6),1,0) -> 1 | O9: =IF(AND(O4>=$G$4,O3<=$G$6),1,0) -> 1 | P9: =IF(AND(P4>=$G$4,P3<=$G$6),1,0) -> 1 | ... AG9: =IF(AND(AG4>=$G$4,AG3<=$G$6),1,0) -> 0
A10: How to use this sheet
A11: This sheet is to be copied to the bidders financial model.
A12: This can be done by right clicking on the tabs, select "Move or Copy", select your financial model under the "To Book" dropdown and click OK
A13: The Bidders model should link directly to this tab so that the sources of information can be easily traced
A14: All amounts should correspond to the unit for that line - e.g. if the unit for the line is ZAR '000 then the amount should be in thousands of dollars
A15: Expenses for the Bidder (e.g. Capex or Opex) should be negative numbers if they decrease cashflow while amounts that increase cashflow should be positive
A16: GUoS should be included when calculating the bid tariff (if applicable)
B19: Error Check
A20: =IF(B20="",0,1) -> 1 | B20: =IF(ISBLANK(H20),"Project Name has not been updated","") -> Project Name has not been updated | F20: Project Name: | G20: Name
A21: =IF(B21="",0,1) -> 0 | B21: =IF(H21="Please Select","Technology has not been selected","") | F21: Technology | G21: Selection | H21: PV
A22: =IF(B22="",0,1) -> 0 | B22: =IF(H22="Please Select","Profile has not been selected","") | F22: Profile | G22: Selection | H22: P50
A23: =IF(B23="",0,1) -> 1 | B23: =IF(ISBLANK(H23),"Site Name is Blank","") -> Site Name is Blank | F23: Site Name: | G23: Name
A24: =IF(B24="",0,1) -> 1 | B24: =IF(ISBLANK(H24),"Site Name is Blank","") -> Site Name is Blank | F24: Maximum DC Nameplate Capacity | G24: MWdc
A25: =IF(B25="",0,1) -> 1 | B25: =IF(ISBLANK(H25),"Site Capacity is Blank","") -> Site Capacity is Blank | F25: Contracted Capacity | G25: MWac
A26: =IF(B26="",0,1) -> 1 | B26: =IF(ISBLANK(H26),"Capacity Factor is Blank","") -> Capacity Factor is Blank | F26: Capacity Factor: 1st full year of operation predicted energy generation/(gross MW capacity * 8760 hour) | G26: %
A27: =IF(B27="",0,1) -> 1 | B27: =IF(ISBLANK(H27),"RFP Reference Number is Blank","") -> RFP Reference Number is Blank | F27: RFP Reference Number: | G27: Number
A28: =IF(B28="",0,1) -> 1 | B28: =IF(ISBLANK(H28),"Bidder Reference Number is Blank","") -> Bidder Reference Number is Blank | F28: Bidder Reference Number: | G28: Number
A29: =IF(B29="",0,1) -> 1 | B29: =IF(ISBLANK(H29),"Grid Connection Location is Blank","") -> Grid Connection Location is Blank | F29: Grid Connection Location | G29: Location
A30: =IF(B30="",0,1) -> 1 | B30: =IF(ISBLANK(H30),"Project Location is Blank","") -> Project Location is Blank | F30: Project Location | G30: Location
A31: =IF(B31="",0,1) -> 1 | B31: =IF(ISBLANK(H31),"Bid Tariff is Blank","") -> Bid Tariff is Blank | F31: Price | G31: ZAR / kWh
A32: =IF(B32="",0,1) -> 0 | B32: =IF(ISBLANK(H32),"Base Year is Blank","") | F32: Base Date | G32: dd-mm-yy | H32: =H4 -> 45839
F33: Generator Use of System Charges
A34: =IF(B34="",0,1) -> 0 | F34: Supply voltage | G34: Selection | H34: ≥ 66kV & ≤ 132kV
A35: =IF(B35="",0,1) -> 0 | F35: Transmission zone (Distribution connected) | G35: Selection | H35: > 300km & ≤ 600km
A36: =IF(B36="",0,1) -> 0 | F36: Transmission zone (generators) | G36: Selection | H36: Karoo
A37: =IF(B37="",0,1) -> 0 | F37: If Rural = 0 IF Urban = 1 | G37: [0;1] | H37: 1
A38: =IF(B38="",0,1) -> 0 | F38: Customer segment/size | G38: Selection | H38: > 1 MVA/MW
A40: Operational Summary | I40: =I5 -> 2026 | J40: =J5 -> 2027 | K40: =K5 -> 2028 | L40: =L5 -> 2029 | M40: =M5 -> 2030 | N40: =N5 -> 2031 | O40: =O5 -> 2032 | P40: =P5 -> 2033 | ... AG40: =AG5 -> 2050
B41: Error Check
A42: =IF(B42="",0,1) -> 1 | B42: =IF(H42/12<>H5,"Renewable Energy Sold","") -> Renewable Energy Sold | D42: Total MWh Sold | F42: MWh of Renewable Energy Sold per annum | G42: MWh | H42: =SUMIF($I$9:$AG$9,1,I42:AG42) -> 0
A43: =IF(B43="",0,1) -> 0 | B43: =IF(H43/12<>H2,"Please input days of operations","") | F43: Days of Operation (Non-Cum) | G43: Days | I43: =IF(AND(I3>=PV_COD,I4<=PV_PPA_EndDate),I4-I3+1,IF(AND(PV_COD>I3,PV_COD<I4),PV_COD-I3,IF(AND(PV_PPA_EndDate>I3,PV_PPA_EndDate<I4),PV_PPA_EndDate-I3)))*I9 -> 215 | J43: =IF(AND(J3>=PV_COD,J4<=PV_PPA_EndDate),J4-J3+1,IF(AND(PV_COD>J3,PV_COD<J4),PV_COD-J3,IF(AND(PV_PPA_EndDate>J3,PV_PPA_EndDate<J4),PV_PPA_EndDate-J3)))*J9 -> 365 | K43: =IF(AND(K3>=PV_COD,K4<=PV_PPA_EndDate),K4-K3+1,IF(AND(PV_COD>K3,PV_COD<K4),PV_COD-K3,IF(AND(PV_PPA_EndDate>K3,PV_PPA_EndDate<K4),PV_PPA_EndDate-K3)))*K9 -> 366 | L43: =IF(AND(L3>=PV_COD,L4<=PV_PPA_EndDate),L4-L3+1,IF(AND(PV_COD>L3,PV_COD<L4),PV_COD-L3,IF(AND(PV_PPA_EndDate>L3,PV_PPA_EndDate<L4),PV_PPA_EndDate-L3)))*L9 -> 365 | M43: =IF(AND(M3>=PV_COD,M4<=PV_PPA_EndDate),M4-M3+1,IF(AND(PV_COD>M3,PV_COD<M4),PV_COD-M3,IF(AND(PV_PPA_EndDate>M3,PV_PPA_EndDate<M4),PV_PPA_EndDate-M3)))*M9 -> 365 | N43: =IF(AND(N3>=PV_COD,N4<=PV_PPA_EndDate),N4-N3+1,IF(AND(PV_COD>N3,PV_COD<N4),PV_COD-N3,IF(AND(PV_PPA_EndDate>N3,PV_PPA_EndDate<N4),PV_PPA_EndDate-N3)))*N9 -> 365 | O43: =IF(AND(O3>=PV_COD,O4<=PV_PPA_EndDate),O4-O3+1,IF(AND(PV_COD>O3,PV_COD<O4),PV_COD-O3,IF(AND(PV_PPA_EndDate>O3,PV_PPA_EndDate<O4),PV_PPA_EndDate-O3)))*O9 -> 366 | P43: =IF(AND(P3>=PV_COD,P4<=PV_PPA_EndDate),P4-P3+1,IF(AND(PV_COD>P3,PV_COD<P4),PV_COD-P3,IF(AND(PV_PPA_EndDate>P3,PV_PPA_EndDate<P4),PV_PPA_EndDate-P3)))*P9 -> 365 | ... AG43: =IF(AND(AG3>=PV_COD,AG4<=PV_PPA_EndDate),AG4-AG3+1,IF(AND(PV_COD>AG3,PV_COD<AG4),PV_COD-AG3,IF(AND(PV_PPA_EndDate>AG3,PV_PPA_EndDate<AG4),PV_PPA_EndDate-AG3)))*AG9 -> 0
F45: Anticipated Renewable Energy Peak MWh Sold | G45: kWh | H45: =SUMIF($I$9:$AG$9,1,I45:AG45) -> 0
F46: Anticipated Renewable Energy Standard MWh Sold | G46: kWh | H46: =SUMIF($I$9:$AG$9,1,I46:AG46) -> 0
F47: Anticipated Renewable Energy Off-Peak MWh Sold | G47: kWh | H47: =SUMIF($I$9:$AG$9,1,I47:AG47) -> 0
A48: =IF(B48="",0,1) -> 0 | B48: =IF(H48<>H42,"Invalid Input","") | F48: Total | G48: kWh | H48: =SUMIF($I$9:$AG$9,1,I48:AG48) -> 0 | I48: =IF(I$9=1,SUM(I45:I47),0) -> 0 | J48: =IF(J$9=1,SUM(J45:J47),0) -> 0 | K48: =IF(K$9=1,SUM(K45:K47),0) -> 0 | L48: =IF(L$9=1,SUM(L45:L47),0) -> 0 | M48: =IF(M$9=1,SUM(M45:M47),0) -> 0 | N48: =IF(N$9=1,SUM(N45:N47),0) -> 0 | O48: =IF(O$9=1,SUM(O45:O47),0) -> 0 | P48: =IF(P$9=1,SUM(P45:P47),0) -> 0 | ... AG48: =IF(AG$9=1,SUM(AG45:AG47),0) -> 0
A51: =IF(B51="",0,1) -> 0 | B51: =IF(ISBLANK(I51),"Invalid Input","") | F51: Price | G51: ZAR / kWh | I51: =H31 -> 0 | J51: =I51*(1+J53) -> 0 | K51: =J51*(1+K53) -> 0 | L51: =K51*(1+L53) -> 0 | M51: =L51*(1+M53) -> 0 | N51: =M51*(1+N53) -> 0 | O51: =N51*(1+O53) -> 0 | P51: =O51*(1+P53) -> 0 | Q51: =P51*(1+Q53) -> 0 | ... AG51: =AF51*(1+AG53) -> 0
F52: The initial tariff MUST agree with the tariff in the rest of your submission
F53: RSA CPI Escalation | G53: % | I53: 0.05 | J53: =I53 -> 0.05 | K53: =J53 -> 0.05 | L53: =K53 -> 0.05 | M53: =L53 -> 0.05 | N53: =M53 -> 0.05 | O53: =N53 -> 0.05 | P53: =O53 -> 0.05 | Q53: =P53 -> 0.05 | ... AG53: =AF53 -> 0.05
A55: Cashflows | I55: =I5 -> 2026 | J55: =J5 -> 2027 | K55: =K5 -> 2028 | L55: =L5 -> 2029 | M55: =M5 -> 2030 | N55: =N5 -> 2031 | O55: =O5 -> 2032 | P55: =P5 -> 2033 | ... AG55: =AG5 -> 2050
F57: Revenue
F58: Energy Sales | G58: ZAR '000 | H58: =SUM(I58:AG58) -> 0 | I58: =IF(OR(I7=1,I9=1),I42*I51,0) -> 0 | J58: =IF(OR(J7=1,J9=1),J42*J51,0) -> 0 | K58: =IF(OR(K7=1,K9=1),K42*K51,0) -> 0 | L58: =IF(OR(L7=1,L9=1),L42*L51,0) -> 0 | M58: =IF(OR(M7=1,M9=1),M42*M51,0) -> 0 | N58: =IF(OR(N7=1,N9=1),N42*N51,0) -> 0 | O58: =IF(OR(O7=1,O9=1),O42*O51,0) -> 0 | P58: =IF(OR(P7=1,P9=1),P42*P51,0) -> 0 | ... AG58: =IF(OR(AG7=1,AG9=1),AG42*AG51,0) -> 0
F59: Spare (Please rename) | G59: ZAR '000 | H59: =SUMIF($I$9:$AG$9,1,I59:AG59) -> 0
F60: Total | G60: ZAR '000 | H60: =SUMIF($I$9:$AG$9,1,I60:AG60) -> 0 | I60: =IF(OR(I7=1,I$9=1),SUM(I58:I59),0) -> 0 | J60: =IF(OR(J7=1,J$9=1),SUM(J58:J59),0) -> 0 | K60: =IF(OR(K7=1,K$9=1),SUM(K58:K59),0) -> 0 | L60: =IF(OR(L7=1,L$9=1),SUM(L58:L59),0) -> 0 | M60: =IF(OR(M7=1,M$9=1),SUM(M58:M59),0) -> 0 | N60: =IF(OR(N7=1,N$9=1),SUM(N58:N59),0) -> 0 | O60: =IF(OR(O7=1,O$9=1),SUM(O58:O59),0) -> 0 | P60: =IF(OR(P7=1,P$9=1),SUM(P58:P59),0) -> 0 | ... AG60: =IF(OR(AG7=1,AG$9=1),SUM(AG58:AG59),0) -> 0
B62: Error Check | F62: OpEx
A63: =IF(B63="",0,1) -> 1 | B63: =IF(SUM(COUNTBLANK(INDEX(I63:AG63,MATCH(1,$I$8:$AG$8,0)):OFFSET(INDEX(I63:AG63,MATCH(1,$I$8:$AG$8,0)),,$H$6-1))),"Please include " & F63,"") -> Please include O&M expenditure - to include both contracted and uncontracted costs | F63: O&M expenditure - to include both contracted and uncontracted costs | G63: ZAR '000 | H63: =SUMIF($I$9:$AG$9,1,I63:AG63) -> 0
A64: =IF(B64="",0,1) -> 1 | B64: =IF(SUM(COUNTBLANK(INDEX(I64:AG64,MATCH(1,$I$8:$AG$8,0)):OFFSET(INDEX(I64:AG64,MATCH(1,$I$8:$AG$8,0)),,$H$6-1))),"Please include " & F64,"") -> Please include Major maintenance & capital costs of plant replacement | F64: Major maintenance & capital costs of plant replacement | G64: ZAR '000 | H64: =SUMIF($I$9:$AG$9,1,I64:AG64) -> 0
A65: =IF(B65="",0,1) -> 1 | B65: =IF(SUM(COUNTBLANK(INDEX(I65:AG65,MATCH(1,$I$8:$AG$8,0)):OFFSET(INDEX(I65:AG65,MATCH(1,$I$8:$AG$8,0)),,$H$6-1))),"Please include " & F65,"") -> Please include Utilities | F65: Utilities | G65: ZAR '000 | H65: =SUMIF($I$9:$AG$9,1,I65:AG65) -> 0
A66: =IF(B66="",0,1) -> 1 | B66: =IF(SUM(COUNTBLANK(INDEX(I66:AG66,MATCH(1,$I$8:$AG$8,0)):OFFSET(INDEX(I66:AG66,MATCH(1,$I$8:$AG$8,0)),,$H$6-1))),"Please include " & F66,"") -> Please include Insurance | F66: Insurance | G66: ZAR '000 | H66: =SUMIF($I$9:$AG$9,1,I66:AG66) -> 0
A67: =IF(B67="",0,1) -> 1 | B67: =IF(SUM(COUNTBLANK(INDEX(I67:AG67,MATCH(1,$I$8:$AG$8,0)):OFFSET(INDEX(I67:AG67,MATCH(1,$I$8:$AG$8,0)),,$H$6-1))),"Please include " & F67,"") -> Please include Administration & Project Management | F67: Administration & Project Management | G67: ZAR '000 | H67: =SUMIF($I$9:$AG$9,1,I67:AG67) -> 0
A68: =IF(B68="",0,1) -> 1 | B68: =IF(SUM(COUNTBLANK(INDEX(I68:AG68,MATCH(1,$I$8:$AG$8,0)):OFFSET(INDEX(I68:AG68,MATCH(1,$I$8:$AG$8,0)),,$H$6-1))),"Please include " & F68,"") -> Please include Land lease costs | F68: Land lease costs | G68: ZAR '000 | H68: =SUMIF($I$9:$AG$9,1,I68:AG68) -> 0
A69: =IF(B69="",0,1) -> 1 | B69: =IF(SUM(COUNTBLANK(INDEX(I69:AG69,MATCH(1,$I$8:$AG$8,0)):OFFSET(INDEX(I69:AG69,MATCH(1,$I$8:$AG$8,0)),,$H$6-1))),"Please include " & F69,"") -> Please include Economic and Social Development | F69: Economic and Social Development | G69: ZAR '000 | H69: =SUMIF($I$9:$AG$9,1,I69:AG69) -> 0
A70: =IF(B70="",0,1) -> 1 | B70: =IF(SUM(COUNTBLANK(INDEX(I70:AG70,MATCH(1,$I$8:$AG$8,0)):OFFSET(INDEX(I70:AG70,MATCH(1,$I$8:$AG$8,0)),,$H$6-1))),"Please include " & F70,"") -> Please include Other operating expenditure | F70: Other operating expenditure | G70: ZAR '000 | H70: =SUMIF($I$9:$AG$9,1,I70:AG70) -> 0
A71: =IF(B71="",0,1) -> 1 | B71: =IF(SUM(COUNTBLANK(INDEX(I71:AG71,MATCH(1,$I$8:$AG$8,0)):OFFSET(INDEX(I71:AG71,MATCH(1,$I$8:$AG$8,0)),,$H$6-1))),"Please include " & F71,"") -> Please include RECs verification costs | F71: RECs verification costs | G71: ZAR '000 | H71: =SUMIF($I$9:$AG$9,1,I71:AG71) -> 0
A72: =IF(B72="",0,1) -> 1 | B72: =IF(SUM(COUNTBLANK(INDEX(I72:AG72,MATCH(1,$I$8:$AG$8,0)):OFFSET(INDEX(I72:AG72,MATCH(1,$I$8:$AG$8,0)),,$H$6-1))),"Please include " & F72,"") -> Please include Spare (Please rename) | F72: Spare (Please rename) | G72: ZAR '000 | H72: =SUMIF($I$9:$AG$9,1,I72:AG72) -> 0
F73: Total | G73: ZAR '000 | H73: =SUMIF($I$9:$AG$9,1,I73:AG73) -> 0 | I73: =IF(I$9=1,SUM(I63:I72),0) -> 0 | J73: =IF(J$9=1,SUM(J63:J72),0) -> 0 | K73: =IF(K$9=1,SUM(K63:K72),0) -> 0 | L73: =IF(L$9=1,SUM(L63:L72),0) -> 0 | M73: =IF(M$9=1,SUM(M63:M72),0) -> 0 | N73: =IF(N$9=1,SUM(N63:N72),0) -> 0 | O73: =IF(O$9=1,SUM(O63:O72),0) -> 0 | P73: =IF(P$9=1,SUM(P63:P72),0) -> 0 | ... AG73: =IF(AG$9=1,SUM(AG63:AG72),0) -> 0
F75: Working Capital Adjustments
F76: Debtors | G76: ZAR '000 | H76: =SUMIF($I$9:$AG$9,1,I76:AG76) -> 0
F77: Creditors | G77: ZAR '000 | H77: =SUMIF($I$9:$AG$9,1,I77:AG77) -> 0
F78: VAT | G78: ZAR '000 | H78: =SUMIF($I$9:$AG$9,1,I78:AG78) -> 0
F79: Working Capital Facility | G79: ZAR '000 | H79: =SUMIF($I$9:$AG$9,1,I79:AG79) -> 0
F80: Net Adjustment | G80: ZAR '000 | H80: =SUMIF($I$9:$AG$9,1,I80:AG80) -> 0 | I80: =IF(I$9=1,SUM(I76:I79),0) -> 0 | J80: =IF(J$9=1,SUM(J76:J79),0) -> 0 | K80: =IF(K$9=1,SUM(K76:K79),0) -> 0 | L80: =IF(L$9=1,SUM(L76:L79),0) -> 0 | M80: =IF(M$9=1,SUM(M76:M79),0) -> 0 | N80: =IF(N$9=1,SUM(N76:N79),0) -> 0 | O80: =IF(O$9=1,SUM(O76:O79),0) -> 0 | P80: =IF(P$9=1,SUM(P76:P79),0) -> 0 | ... AG80: =IF(AG$9=1,SUM(AG76:AG79),0) -> 0
F82: Operating Cashflows | G82: ZAR '000 | H82: =SUMIF($I$9:$AG$9,1,I82:AG82) -> 0 | I82: =SUM(I60,I73,I80) -> 0 | J82: =SUM(J60,J73,J80) -> 0 | K82: =SUM(K60,K73,K80) -> 0 | L82: =SUM(L60,L73,L80) -> 0 | M82: =SUM(M60,M73,M80) -> 0 | N82: =SUM(N60,N73,N80) -> 0 | O82: =SUM(O60,O73,O80) -> 0 | P82: =SUM(P60,P73,P80) -> 0 | ... AG82: =SUM(AG60,AG73,AG80) -> 0
B84: Error Check | F84: CapEx
A85: =IF(B85="",0,1) -> 1 | B85: =IF(COLUMNS(I85:AG85)-COUNTBLANK(I85:AG85)=SUM($I$7:$AG$7),"","Please include " & F85) -> Please include EPC / Key equipment costs | F85: EPC / Key equipment costs | G85: ZAR '000 | H85: =SUMIF($I$7:$AG$7,1,I85:AG85) -> 0
A86: =IF(B86="",0,1) -> 1 | B86: =IF(COLUMNS(I86:AG86)-COUNTBLANK(I86:AG86)=SUM($I$7:$AG$7),"","Please include " & F86) -> Please include Balance of plant cost | F86: Balance of plant cost | G86: ZAR '000 | H86: =SUMIF($I$7:$AG$7,1,I86:AG86) -> 0
A87: =IF(B87="",0,1) -> 1 | B87: =IF(COLUMNS(I87:AG87)-COUNTBLANK(I87:AG87)=SUM($I$7:$AG$7),"","Please include " & F87) -> Please include Other construction/installation costs | F87: Other construction/installation costs | G87: ZAR '000 | H87: =SUMIF($I$7:$AG$7,1,I87:AG87) -> 0
A88: =IF(B88="",0,1) -> 1 | B88: =IF(COLUMNS(I88:AG88)-COUNTBLANK(I88:AG88)=SUM($I$7:$AG$7),"","Please include " & F88) -> Please include EPC Contingencies | F88: EPC Contingencies | G88: ZAR '000 | H88: =SUMIF($I$7:$AG$7,1,I88:AG88) -> 0
A89: =IF(B89="",0,1) -> 1 | B89: =IF(COLUMNS(I89:AG89)-COUNTBLANK(I89:AG89)=SUM($I$7:$AG$7),"","Please include " & F89) -> Please include Pre-COD Production cost | F89: Pre-COD Production cost | G89: ZAR '000 | H89: =SUMIF($I$7:$AG$7,1,I89:AG89) -> 0
A90: =IF(B90="",0,1) -> 1 | B90: =IF(COLUMNS(I90:AG90)-COUNTBLANK(I90:AG90)=SUM($I$7:$AG$7),"","Please include " & F90) -> Please include Land acquisition or lease cost | F90: Land acquisition or lease cost | G90: ZAR '000 | H90: =SUMIF($I$7:$AG$7,1,I90:AG90) -> 0
A91: =IF(B91="",0,1) -> 1 | B91: =IF(COLUMNS(I91:AG91)-COUNTBLANK(I91:AG91)=SUM($I$7:$AG$7),"","Please include " & F91) -> Please include Foundation cost | F91: Foundation cost | G91: ZAR '000 | H91: =SUMIF($I$7:$AG$7,1,I91:AG91) -> 0
A92: =IF(B92="",0,1) -> 1 | B92: =IF(COLUMNS(I92:AG92)-COUNTBLANK(I92:AG92)=SUM($I$7:$AG$7),"","Please include " & F92) -> Please include Commissioning cost | F92: Commissioning cost | G92: ZAR '000 | H92: =SUMIF($I$7:$AG$7,1,I92:AG92) -> 0
A93: =IF(B93="",0,1) -> 1 | B93: =IF(COLUMNS(I93:AG93)-COUNTBLANK(I93:AG93)=SUM($I$7:$AG$7),"","Please include " & F93) -> Please include Other Infrastructure cost | F93: Other Infrastructure cost | G93: ZAR '000 | H93: =SUMIF($I$7:$AG$7,1,I93:AG93) -> 0
A94: =IF(B94="",0,1) -> 1 | B94: =IF(COLUMNS(I94:AG94)-COUNTBLANK(I94:AG94)=SUM($I$7:$AG$7),"","Please include " & F94) -> Please include Grid Connection cost | F94: Grid Connection cost | G94: ZAR '000 | H94: =SUMIF($I$7:$AG$7,1,I94:AG94) -> 0
A95: =IF(B95="",0,1) -> 1 | B95: =IF(COLUMNS(I95:AG95)-COUNTBLANK(I95:AG95)=SUM($I$7:$AG$7),"","Please include " & F95) -> Please include Professional fees | F95: Professional fees | G95: ZAR '000 | H95: =SUMIF($I$7:$AG$7,1,I95:AG95) -> 0
A96: =IF(B96="",0,1) -> 1 | B96: =IF(COLUMNS(I96:AG96)-COUNTBLANK(I96:AG96)=SUM($I$7:$AG$7),"","Please include " & F96) -> Please include Contingencies | F96: Contingencies | G96: ZAR '000 | H96: =SUMIF($I$7:$AG$7,1,I96:AG96) -> 0
... A99: =IF(B99="",0,1) -> 1 | B99: =IF(COLUMNS(I99:AG99)-COUNTBLANK(I99:AG99)=SUM($I$7:$AG$7),"","Please include " & F99) -> Please include Equity PRI Premium | F99: Equity PRI Premium | G99: ZAR '000 | H99: =SUMIF($I$7:$AG$7,1,I99:AG99) -> 0
A100: =IF(B100="",0,1) -> 0 | B100: =IF(AND(H$121<>0,H100=0),"Please include " & F100,"") | F100: VAT Facility Interest During Construction | G100: ZAR '000 | H100: =SUMIF($I$7:$AG$7,1,I100:AG100) -> 0
A101: =IF(B101="",0,1) -> 0 | B101: =IF(AND(H$121<>0,H101=0),"Please include " & F101,"") | F101: VAT Facility Fee | G101: ZAR '000 | H101: =SUMIF($I$7:$AG$7,1,I101:AG101) -> 0
A102: =IF(B102="",0,1) -> 0 | B102: =IF(AND(H$121<>0,H102=0),"Please include " & F102,"") | F102: VAT Paid | G102: ZAR '000 | H102: =SUMIF($I$7:$AG$7,1,I102:AG102) -> 0
F103: DSRA/c Initial Funding | G103: ZAR '000 | H103: =SUMIF($I$7:$AG$7,1,I103:AG103) -> 0
A104: =IF(B104="",0,1) -> 0 | B104: =IF(AND(H$116<>0,H104=0),"Please include " & F104,"") | F104: Senior 1 Interest During Construction | G104: ZAR '000 | H104: =SUMIF($I$7:$AG$7,1,I104:AG104) -> 0
A105: =IF(B105="",0,1) -> 0 | B105: =IF(AND(H$116<>0,H105=0),"Please include " & F105,"") | F105: Senior 1 Up-Front Fees | G105: ZAR '000 | H105: =SUMIF($I$7:$AG$7,1,I105:AG105) -> 0
A106: =IF(B106="",0,1) -> 0 | B106: =IF(AND(H$116<>0,H106=0),"Please include " & F106,"") | F106: Senior 1 Commitment Fees (incl. Agency) | G106: ZAR '000 | H106: =SUMIF($I$7:$AG$7,1,I106:AG106) -> 0
A107: =IF(B107="",0,1) -> 0 | B107: =IF(AND(H$117<>0,H107=0),"Please include " & F107,"") | F107: Senior 2 Interest During Construction | G107: ZAR '000 | H107: =SUMIF($I$7:$AG$7,1,I107:AG107) -> 0
A108: =IF(B108="",0,1) -> 0 | B108: =IF(AND(H$117<>0,H108=0),"Please include " & F108,"") | F108: Senior 2 Up-Front Fees | G108: ZAR '000 | H108: =SUMIF($I$7:$AG$7,1,I108:AG108) -> 0
A109: =IF(B109="",0,1) -> 0 | B109: =IF(AND(H$117<>0,H109=0),"Please include " & F109,"") | F109: Senior 2 Commitment Fees (incl. Agency) | G109: ZAR '000 | H109: =SUMIF($I$7:$AG$7,1,I109:AG109) -> 0
A110: =IF(B110="",0,1) -> 0 | B110: =IF(AND(H$118<>0,H110=0),"Please include " & F110,"") | F110: Mezzanine Interest During Construction | G110: ZAR '000 | H110: =SUMIF($I$7:$AG$7,1,I110:AG110) -> 0
A111: =IF(B111="",0,1) -> 0 | B111: =IF(AND(H$118<>0,H111=0),"Please include " & F111,"") | F111: Mezzanine Up-Front Fees | G111: ZAR '000 | H111: =SUMIF($I$7:$AG$7,1,I111:AG111) -> 0
A112: =IF(B112="",0,1) -> 0 | B112: =IF(AND(H$118<>0,H112=0),"Please include " & F112,"") | F112: Mezzanine Commitment Fees (incl. Agency) | G112: ZAR '000 | H112: =SUMIF($I$7:$AG$7,1,I112:AG112) -> 0
F113: Total | G113: ZAR '000 | H113: =SUMIF($I$7:$AG$7,1,I113:AG113) -> 0 | I113: =IF(I7=1,SUM(I85:I112),0) -> 0 | J113: =IF(J7=1,SUM(J85:J112),0) -> 0 | K113: =IF(K7=1,SUM(K85:K112),0) -> 0 | L113: =IF(L7=1,SUM(L85:L112),0) -> 0 | M113: =IF(M7=1,SUM(M85:M112),0) -> 0 | N113: =IF(N7=1,SUM(N85:N112),0) -> 0 | O113: =IF(O7=1,SUM(O85:O112),0) -> 0 | P113: =IF(P7=1,SUM(P85:P112),0) -> 0 | ... AG113: =IF(AG7=1,SUM(AG85:AG112),0) -> 0
B115: Error Check | F115: Funding
A116: =IF(B116="",0,1) -> 1 | B116: =IF(H116=0,"Please include " & F116,"") -> Please include Senior 1 | F116: Senior 1 | G116: ZAR '000 | H116: {=SUMPRODUCT((($I$7:$AG$7)=1)*I116:AG116)+SUMPRODUCT((($I$9:$AG$9)=1)*I116:AG116)-SUMPRODUCT((($I$8:$AG$8)=1)*I116:AG116)} -> 0
...

Sheet BESS Cashflow AFS FI
B1: Back to Cover Page
B3: Validity Check | F3: Construction Start | G3: COD | H3: Template Model start | I3: =IF(MONTH(H4)=7,H4,"Template Model Start Must Be July") -> 45839 | J3: =I4+1 -> 46204 | K3: =J4+1 -> 46569 | L3: =K4+1 -> 46935 | M3: =L4+1 -> 47300 | N3: =M4+1 -> 47665 | O3: =N4+1 -> 48030 | P3: =O4+1 -> 48396 | Q3: =P4+1 -> 48761 | ... AG3: =AF4+1 -> 54605
B4: =IF(SUM(A20:A36,A48,A85:A94,A107:A134,A138,A141:A142,A150,A171:A172,A175:A176,A197,A206,A209,A214,A217,A245,A283:A284,A296:A297,A306:A307,A359)=0,0,1) -> 1 | F4: 46204 | G4: =DATE(YEAR(F4),MONTH(F4)+F6,DAY(F4)) -> 46569 | H4: 45839 | I4: =EOMONTH(I3,11) -> 46203 | J4: =EOMONTH(J3,11) -> 46568 | K4: =EOMONTH(K3,11) -> 46934 | L4: =EOMONTH(L3,11) -> 47299 | M4: =EOMONTH(M3,11) -> 47664 | N4: =EOMONTH(N3,11) -> 48029 | O4: =EOMONTH(O3,11) -> 48395 | P4: =EOMONTH(P3,11) -> 48760 | ... AG4: =EOMONTH(AG3,11) -> 54969
B5: =SUM(A20:A378) -> 40 | F5: Construction Period | G5: End of PPA | H5: PPA Period | I5: =YEAR(I4) -> 2026 | J5: =YEAR(J4) -> 2027 | K5: =YEAR(K4) -> 2028 | L5: =YEAR(L4) -> 2029 | M5: =YEAR(M4) -> 2030 | N5: =YEAR(N4) -> 2031 | O5: =YEAR(O4) -> 2032 | P5: =YEAR(P4) -> 2033 | ... AG5: =YEAR(AG4) -> 2050
F6: 12 | G6: =DATE(YEAR(G4)+H6,MONTH(G4),DAY(G4)-1) -> 52047 | H6: 15
A7: Enter all figures in ZAR '000. Only input into grey cells | G7: Construction Period | I7: =IF(AND(I4>$F$4,I3<$G$4),1,0) -> 0 | J7: =IF(AND(J4>$F$4,J3<$G$4),1,0) -> 1 | K7: =IF(AND(K4>$F$4,K3<$G$4),1,0) -> 0 | L7: =IF(AND(L4>$F$4,L3<$G$4),1,0) -> 0 | M7: =IF(AND(M4>$F$4,M3<$G$4),1,0) -> 0 | N7: =IF(AND(N4>$F$4,N3<$G$4),1,0) -> 0 | O7: =IF(AND(O4>$F$4,O3<$G$4),1,0) -> 0 | P7: =IF(AND(P4>$F$4,P3<$G$4),1,0) -> 0 | ... AG7: =IF(AND(AG4>$F$4,AG3<$G$4),1,0) -> 0
G8: COD Flag | H8: Start of Project Operations | I8: =IF(AND(I3<=$G$4,I4>=$G$4),1,0) -> 0 | J8: =IF(AND(J3<=$G$4,J4>=$G$4),1,0) -> 0 | K8: =IF(AND(K3<=$G$4,K4>=$G$4),1,0) -> 1 | L8: =IF(AND(L3<=$G$4,L4>=$G$4),1,0) -> 0 | M8: =IF(AND(M3<=$G$4,M4>=$G$4),1,0) -> 0 | N8: =IF(AND(N3<=$G$4,N4>=$G$4),1,0) -> 0 | O8: =IF(AND(O3<=$G$4,O4>=$G$4),1,0) -> 0 | P8: =IF(AND(P3<=$G$4,P4>=$G$4),1,0) -> 0 | ... AG8: =IF(AND(AG3<=$G$4,AG4>=$G$4),1,0) -> 0
G9: Operations Active | I9: =IF(AND(I4>=$G$4,I3<=$G$6),1,0) -> 0 | J9: =IF(AND(J4>=$G$4,J3<=$G$6),1,0) -> 0 | K9: =IF(AND(K4>=$G$4,K3<=$G$6),1,0) -> 1 | L9: =IF(AND(L4>=$G$4,L3<=$G$6),1,0) -> 1 | M9: =IF(AND(M4>=$G$4,M3<=$G$6),1,0) -> 1 | N9: =IF(AND(N4>=$G$4,N3<=$G$6),1,0) -> 1 | O9: =IF(AND(O4>=$G$4,O3<=$G$6),1,0) -> 1 | P9: =IF(AND(P4>=$G$4,P3<=$G$6),1,0) -> 1 | ... AG9: =IF(AND(AG4>=$G$4,AG3<=$G$6),1,0) -> 0
A10: How to use this sheet
A11: This sheet is to be copied to the bidders financial model.
A12: This can be done by right clicking on the tabs, select "Move or Copy", select your financial model under the "To Book" dropdown and click OK
A13: The Bidders model should link directly to this tab so that the sources of information can be easily traced
A14: All amounts should correspond to the unit for that line - e.g. if the unit for the line is ZAR '000 then the amount should be in thousands of dollars
A15: Expenses for the Bidder (e.g. Capex or Opex) should be negative numbers if they decrease cashflow while amounts that increase cashflow should be positive
A16: GUoS should be included when calculating the bid traiff (if applicable)
B19: Error Check
A20: =IF(B20="",0,1) -> 1 | B20: =IF(ISBLANK(H20),"Project Name has not been updated","") -> Project Name has not been updated | F20: Project Name: | G20: Name
A21: =IF(B21="",0,1) -> 0 | B21: =IF(ISBLANK(H21),"Project Name has not been updated","") | F21: Technology | G21: Selection | H21: BESS
A22: =IF(B22="",0,1) -> 1 | B22: =IF(ISBLANK(H22),"Site Name is Blank","") -> Site Name is Blank | F22: Site Name: | G22: Name
A23: =IF(B23="",0,1) -> 1 | B23: =IF(ISBLANK(H23),"Maximum DC Nameplate Capacity","") -> Maximum DC Nameplate Capacity | F23: Maximum DC Nameplate Capacity | G23: MWdc
A24: =IF(B24="",0,1) -> 1 | B24: =IF(ISBLANK(H24),"Contracted Capacity","") -> Contracted Capacity | F24: Contracted Capacity | G24: MWac
A25: =IF(B25="",0,1) -> 1 | B25: =IF(ISBLANK(H25),"RFP Reference Number is Blank","") -> RFP Reference Number is Blank | F25: RFP Reference Number: | G25: Number
A26: =IF(B26="",0,1) -> 1 | B26: =IF(ISBLANK(H26),"Bidder Reference Number is Blank","") -> Bidder Reference Number is Blank | F26: Bidder Reference Number: | G26: Number
A27: =IF(B27="",0,1) -> 1 | B27: =IF(ISBLANK(H27),"Grid Connection Location is Blank","") -> Grid Connection Location is Blank | F27: Grid Connection Location | G27: Location
A28: =IF(B28="",0,1) -> 1 | B28: =IF(ISBLANK(H28),"Project Location is Blank","") -> Project Location is Blank | F28: Project Location | G28: Location
A29: =IF(B29="",0,1) -> 1 | B29: =IF(ISBLANK(H29),"Price is Blank","") -> Price is Blank | F29: Price | G29: ZAR / kWh
A30: =IF(B30="",0,1) -> 0 | B30: =IF(ISBLANK(H30),"Base Year is Blank","") | F30: Base Date | G30: dd-mm-yy | H30: =H4 -> 45839
F31: Generator Use of System Charges
A32: =IF(B32="",0,1) -> 0 | F32: - Supply voltage | G32: Selection
A33: =IF(B33="",0,1) -> 0 | F33: - Transmission zone (Distribution connected) | G33: Selection
A34: =IF(B34="",0,1) -> 0 | F34: - Transmission zone (generators) | G34: Selection
A35: =IF(B35="",0,1) -> 0 | F35: - If Rural = 0 IF Urban = 1 | G35: [0;1]
A36: =IF(B36="",0,1) -> 0 | F36: - Customer segment/size | G36: Selection
A38: Operational Summary | I38: =I5 -> 2026 | J38: =J5 -> 2027 | K38: =K5 -> 2028 | L38: =L5 -> 2029 | M38: =M5 -> 2030 | N38: =N5 -> 2031 | O38: =O5 -> 2032 | P38: =P5 -> 2033 | ... AG38: =AG5 -> 2050
B39: Error Check
F41: RSA CPI Escalation | G41: % | I41: =SUMIFS('Macro-economic inputs'!$J$47:$AC$47,'Macro-economic inputs'!$J$45:$AC$45,'BESS Cashflow AFS FI'!I3) -> 0.05 | J41: =SUMIFS('Macro-economic inputs'!$J$47:$AC$47,'Macro-economic inputs'!$J$45:$AC$45,'BESS Cashflow AFS FI'!J3) -> 0.05 | K41: =SUMIFS('Macro-economic inputs'!$J$47:$AC$47,'Macro-economic inputs'!$J$45:$AC$45,'BESS Cashflow AFS FI'!K3) -> 0.05 | L41: =SUMIFS('Macro-economic inputs'!$J$47:$AC$47,'Macro-economic inputs'!$J$45:$AC$45,'BESS Cashflow AFS FI'!L3) -> 0.05 | M41: =SUMIFS('Macro-economic inputs'!$J$47:$AC$47,'Macro-economic inputs'!$J$45:$AC$45,'BESS Cashflow AFS FI'!M3) -> 0.05 | N41: =SUMIFS('Macro-economic inputs'!$J$47:$AC$47,'Macro-economic inputs'!$J$45:$AC$45,'BESS Cashflow AFS FI'!N3) -> 0.05 | O41: =SUMIFS('Macro-economic inputs'!$J$47:$AC$47,'Macro-economic inputs'!$J$45:$AC$45,'BESS Cashflow AFS FI'!O3) -> 0.05 | P41: =SUMIFS('Macro-economic inputs'!$J$47:$AC$47,'Macro-economic inputs'!$J$45:$AC$45,'BESS Cashflow AFS FI'!P3) -> 0.05 | ... AG41: =SUMIFS('Macro-economic inputs'!$J$47:$AC$47,'Macro-economic inputs'!$J$45:$AC$45,'BESS Cashflow AFS FI'!AG3) -> 0
F42: Eskom Escalation | G42: % | I42: =SUMIFS('Macro-economic inputs'!$J$48:$AC$48,'Macro-economic inputs'!$J$45:$AC$45,'BESS Cashflow AFS FI'!I3) -> 0.1 | J42: =SUMIFS('Macro-economic inputs'!$J$48:$AC$48,'Macro-economic inputs'!$J$45:$AC$45,'BESS Cashflow AFS FI'!J3) -> 0.1 | K42: =SUMIFS('Macro-economic inputs'!$J$48:$AC$48,'Macro-economic inputs'!$J$45:$AC$45,'BESS Cashflow AFS FI'!K3) -> 0.1 | L42: =SUMIFS('Macro-economic inputs'!$J$48:$AC$48,'Macro-economic inputs'!$J$45:$AC$45,'BESS Cashflow AFS FI'!L3) -> 0.1 | M42: =SUMIFS('Macro-economic inputs'!$J$48:$AC$48,'Macro-economic inputs'!$J$45:$AC$45,'BESS Cashflow AFS FI'!M3) -> 0.1 | N42: =SUMIFS('Macro-economic inputs'!$J$48:$AC$48,'Macro-economic inputs'!$J$45:$AC$45,'BESS Cashflow AFS FI'!N3) -> 0.1 | O42: =SUMIFS('Macro-economic inputs'!$J$48:$AC$48,'Macro-economic inputs'!$J$45:$AC$45,'BESS Cashflow AFS FI'!O3) -> 0.1 | P42: =SUMIFS('Macro-economic inputs'!$J$48:$AC$48,'Macro-economic inputs'!$J$45:$AC$45,'BESS Cashflow AFS FI'!P3) -> 0.1 | ... AG42: =SUMIFS('Macro-economic inputs'!$J$48:$AC$48,'Macro-economic inputs'!$J$45:$AC$45,'BESS Cashflow AFS FI'!AG3) -> 0
A44: =IF(B44="",0,1) -> 1 | B44: =IF(H44=0,"Capacity AC","") -> Capacity AC | F44: Capacity (AC) | G44: kWh | H44: =SUMIF($I$9:$AG$9,1,I44:AG44) -> 0
A45: =IF(B45="",0,1) -> 1 | B45: =IF(H45=0,"RTE AC","") -> RTE AC | F45: RTE | G45: % | H45: =SUMIF($I$9:$AG$9,1,I45:AG45) -> 0
F46: Days of Operation (Non-Cum) | G46: Days | I46: =IF(AND(I3>=BESS_COD,I4<=BESS_PPA_EndDate),I4-I3+1,IF(AND(BESS_COD>I3,BESS_COD<I4),BESS_COD-I3,IF(AND(BESS_PPA_EndDate>I3,BESS_PPA_EndDate<I4),BESS_PPA_EndDate-I3)))*I9 -> 0 | J46: =IF(AND(J3>=BESS_COD,J4<=BESS_PPA_EndDate),J4-J3+1,IF(AND(BESS_COD>J3,BESS_COD<J4),BESS_COD-J3,IF(AND(BESS_PPA_EndDate>J3,BESS_PPA_EndDate<J4),BESS_PPA_EndDate-J3)))*J9 -> 0 | K46: =IF(AND(K3>=BESS_COD,K4<=BESS_PPA_EndDate),K4-K3+1,IF(AND(BESS_COD>K3,BESS_COD<K4),BESS_COD-K3,IF(AND(BESS_PPA_EndDate>K3,BESS_PPA_EndDate<K4),BESS_PPA_EndDate-K3)))*K9 -> 366 | L46: =IF(AND(L3>=BESS_COD,L4<=BESS_PPA_EndDate),L4-L3+1,IF(AND(BESS_COD>L3,BESS_COD<L4),BESS_COD-L3,IF(AND(BESS_PPA_EndDate>L3,BESS_PPA_EndDate<L4),BESS_PPA_EndDate-L3)))*L9 -> 365 | M46: =IF(AND(M3>=BESS_COD,M4<=BESS_PPA_EndDate),M4-M3+1,IF(AND(BESS_COD>M3,BESS_COD<M4),BESS_COD-M3,IF(AND(BESS_PPA_EndDate>M3,BESS_PPA_EndDate<M4),BESS_PPA_EndDate-M3)))*M9 -> 365 | N46: =IF(AND(N3>=BESS_COD,N4<=BESS_PPA_EndDate),N4-N3+1,IF(AND(BESS_COD>N3,BESS_COD<N4),BESS_COD-N3,IF(AND(BESS_PPA_EndDate>N3,BESS_PPA_EndDate<N4),BESS_PPA_EndDate-N3)))*N9 -> 365 | O46: =IF(AND(O3>=BESS_COD,O4<=BESS_PPA_EndDate),O4-O3+1,IF(AND(BESS_COD>O3,BESS_COD<O4),BESS_COD-O3,IF(AND(BESS_PPA_EndDate>O3,BESS_PPA_EndDate<O4),BESS_PPA_EndDate-O3)))*O9 -> 366 | P46: =IF(AND(P3>=BESS_COD,P4<=BESS_PPA_EndDate),P4-P3+1,IF(AND(BESS_COD>P3,BESS_COD<P4),BESS_COD-P3,IF(AND(BESS_PPA_EndDate>P3,BESS_PPA_EndDate<P4),BESS_PPA_EndDate-P3)))*P9 -> 365 | ... AG46: =IF(AND(AG3>=BESS_COD,AG4<=BESS_PPA_EndDate),AG4-AG3+1,IF(AND(BESS_COD>AG3,BESS_COD<AG4),BESS_COD-AG3,IF(AND(BESS_PPA_EndDate>AG3,BESS_PPA_EndDate<AG4),BESS_PPA_EndDate-AG3)))*AG9 -> 0
J47: =IF(AND(J4>=BESS_COD,J5<=BESS_PPA_EndDate),J5-J4+1,IF(AND(BESS_COD>J4,BESS_COD<J5),BESS_COD-J4,IF(AND(BESS_PPA_EndDate>J4,BESS_PPA_EndDate<J5),BESS_PPA_EndDate-J4)))*J10 -> 0 | K47: =IF(AND(K4>=BESS_COD,K5<=BESS_PPA_EndDate),K5-K4+1,IF(AND(BESS_COD>K4,BESS_COD<K5),BESS_COD-K4,IF(AND(BESS_PPA_EndDate>K4,BESS_PPA_EndDate<K5),BESS_PPA_EndDate-K4)))*K10 -> 0
F48: Price | G48: ZAR / kWh | I48: =BESS_Price -> 0 | J48: =I48*(1+J41) -> 0 | K48: =J48*(1+K41) -> 0 | L48: =K48*(1+L41) -> 0 | M48: =L48*(1+M41) -> 0 | N48: =M48*(1+N41) -> 0 | O48: =N48*(1+O41) -> 0 | P48: =O48*(1+P41) -> 0 | Q48: =P48*(1+Q41) -> 0 | ... AG48: =AF48*(1+AG41) -> 0
F49: The Price MUST agree with the Price in the rest of your submission
F51: Charge / Discharge Cycles: Low and High Demand Season
F52: - Off-Peak to Peak: Weekdays | G52: Cycles / Day | H52: 1
F53: - Off-Peak to Standard: Saturdays | G53: Cycles / Day | H53: 2
F54: - Standard to Peak: Weekdays | G54: Cycles / Day | H54: 1
F55: Annual BESS Charge/Discharge Cycles | G55: Cycles / Annum | H55: =((H52+H54)*5+H53*1)*52 -> 624
F56: Eskom Low Demand Season Tariffs
F57: - Peak Tariff | G57: ZAR/kWh | H57: ='Megaflex LA'!K23/100 -> 2.0312
F58: - Standard Tariff | G58: ZAR/kWh | H58: ='Megaflex LA'!M23/100 -> 1.3977
F59: - Off-Peak Tariff | G59: ZAR/kWh | H59: ='Megaflex LA'!O23/100 -> 0.8867
F60: Average Input Cost | G60: ZAR/kWh | H60: =((H52*5+H53)*H$59+(5*H54)*H58)/12 -> 1.0996167
F61: Average Cost of Energy Displaced | G61: ZAR/kWh | H61: =(((H52+H54)*5*H$57+H53*H$58)/12) -> 1.9256167
F62: Eskom High Demand Season Tariffs
F63: - Peak Tariff | G63: ZAR/kWh | H63: ='Megaflex LA'!E23/100 -> 6.227
F64: - Standard Tariff | G64: ZAR/kWh | H64: ='Megaflex LA'!G23/100 -> 1.8865
F65: - Off-Peak Tariff | G65: ZAR/kWh | H65: ='Megaflex LA'!I23/100 -> 1.0244
F66: Average Input Cost | G66: ZAR/kWh | H66: =((H52*5+H53)*H$65+H54*5*H$64)/12 -> 1.3836083
F67: Average Cost of Energy Displaced | G67: ZAR/kWh | H67: =(((H52+H54)*5*H$63+H53*1*H$64)/12) -> 5.5035833
F68: Average Input Cost | G68: ZAR/kWh | H68: =(H60*39+H66*13)/52 -> 1.1706146 | I68: =H68 -> 1.1706146 | J68: =I68*(1+J$42) -> 1.287676 | K68: =J68*(1+K$42) -> 1.4164436 | L68: =K68*(1+L$42) -> 1.558088 | M68: =L68*(1+M$42) -> 1.7138968 | N68: =M68*(1+N$42) -> 1.8852865 | O68: =N68*(1+O$42) -> 2.0738151 | P68: =O68*(1+P$42) -> 2.2811967 | Q68: =P68*(1+Q$42) -> 2.5093163 | ... AG68: =AF68*(1+AG$42) -> 7.1593723
F69: Average Cost Displacement | G69: ZAR/kWh | H69: =(H61*39+H67*13)/52 -> 2.8201083 | I69: =H69 -> 2.8201083 | J69: =I69*(1+J$42) -> 3.1021192 | K69: =J69*(1+K$42) -> 3.4123311 | L69: =K69*(1+L$42) -> 3.7535642 | M69: =L69*(1+M$42) -> 4.1289206 | N69: =M69*(1+N$42) -> 4.5418127 | O69: =N69*(1+O$42) -> 4.9959939 | P69: =O69*(1+P$42) -> 5.4955933 | Q69: =P69*(1+Q$42) -> 6.0451527 | ... AG69: =AF69*(1+AG$42) -> 17.247526
F70: Energy Out (Discharge) | G70: kWh | H70: =SUMIF($I$9:$AG$9,1,I70:AG70) -> 0 | I70: =I44*Annual_Cycles*I46/(I4-I3+1) -> 0 | J70: =J44*Annual_Cycles*J46/(J4-J3+1) -> 0 | K70: =K44*Annual_Cycles*K46/(K4-K3+1) -> 0 | L70: =L44*Annual_Cycles*L46/(L4-L3+1) -> 0 | M70: =M44*Annual_Cycles*M46/(M4-M3+1) -> 0 | N70: =N44*Annual_Cycles*N46/(N4-N3+1) -> 0 | O70: =O44*Annual_Cycles*O46/(O4-O3+1) -> 0 | P70: =P44*Annual_Cycles*P46/(P4-P3+1) -> 0 | ... AG70: =AG44*Annual_Cycles*AG46/(AG4-AG3+1) -> 0
F71: Energy In (Charge) | G71: kWh | H71: =SUMIF($I$9:$AG$9,1,I71:AG71) -> 0 | I71: =IFERROR(I70/I45,0) -> 0 | J71: =IFERROR(J70/J45,0) -> 0 | K71: =IFERROR(K70/K45,0) -> 0 | L71: =IFERROR(L70/L45,0) -> 0 | M71: =IFERROR(M70/M45,0) -> 0 | N71: =IFERROR(N70/N45,0) -> 0 | O71: =IFERROR(O70/O45,0) -> 0 | P71: =IFERROR(P70/P45,0) -> 0 | ... AG71: =IFERROR(AG70/AG45,0) -> 0
F72: Seller Revenue | G72: ZAR'000 | H72: =SUMIF($I$9:$AG$9,1,I72:AG72) -> 0 | I72: =I70*I48/1000 -> 0 | J72: =J70*J48/1000 -> 0 | K72: =K70*K48/1000 -> 0 | L72: =L70*L48/1000 -> 0 | M72: =M70*M48/1000 -> 0 | N72: =N70*N48/1000 -> 0 | O72: =O70*O48/1000 -> 0 | P72: =P70*P48/1000 -> 0 | ... AG72: =AG70*AG48/1000 -> 0
F73: Total Cost to Buyer | G73: ZAR'000 | H73: =SUMIF($I$9:$AG$9,1,I73:AG73) -> 0 | I73: =((I71*I68))/1000+I72 -> 0 | J73: =((J71*J68))/1000+J72 -> 0 | K73: =((K71*K68))/1000+K72 -> 0 | L73: =((L71*L68))/1000+L72 -> 0 | M73: =((M71*M68))/1000+M72 -> 0 | N73: =((N71*N68))/1000+N72 -> 0 | O73: =((O71*O68))/1000+O72 -> 0 | P73: =((P71*P68))/1000+P72 -> 0 | ... AG73: =((AG71*AG68))/1000+AG72 -> 0
F74: Net Present Value of Cost | G74: ZAR'000 | H74: =I74/(1+I41) -> 0 | I74: =J74/(1+J41)+I73 -> 0 | J74: =K74/(1+K41)+J73 -> 0 | K74: =L74/(1+L41)+K73 -> 0 | L74: =M74/(1+M41)+L73 -> 0 | M74: =N74/(1+N41)+M73 -> 0 | N74: =O74/(1+O41)+N73 -> 0 | O74: =P74/(1+P41)+O73 -> 0 | P74: =Q74/(1+Q41)+P73 -> 0 | ... AG74: =AH74/(1+AH41)+AG73 -> 0
F75: Evaluation Price | G75: ZAR'/kWh | H75: =IFERROR(H74*1000/H70,0) -> 0
A77: Cashflows | I77: =I5 -> 2026 | J77: =J5 -> 2027 | K77: =K5 -> 2028 | L77: =L5 -> 2029 | M77: =M5 -> 2030 | N77: =N5 -> 2031 | O77: =O5 -> 2032 | P77: =P5 -> 2033 | ... AG77: =AG5 -> 2050
F79: Revenue
F80: Energy Sales | G80: ZAR '000 | H80: =SUM(I80:AG80) -> 0 | I80: =IF(OR(I7=1,I9=1),I71*I48,0) -> 0 | J80: =IF(OR(J7=1,J9=1),J71*J48,0) -> 0 | K80: =IF(OR(K7=1,K9=1),K71*K48,0) -> 0 | L80: =IF(OR(L7=1,L9=1),L71*L48,0) -> 0 | M80: =IF(OR(M7=1,M9=1),M71*M48,0) -> 0 | N80: =IF(OR(N7=1,N9=1),N71*N48,0) -> 0 | O80: =IF(OR(O7=1,O9=1),O71*O48,0) -> 0 | P80: =IF(OR(P7=1,P9=1),P71*P48,0) -> 0 | ... AG80: =IF(OR(AG7=1,AG9=1),AG71*AG48,0) -> 0
F81: Spare (Please rename) | G81: ZAR '000 | H81: =SUMIF($I$9:$AG$9,1,I81:AG81) -> 0
F82: Total | G82: ZAR '000 | H82: =SUMIF($I$9:$AG$9,1,I82:AG82) -> 0 | I82: =IF(OR(I7=1,I$9=1),SUM(I80:I81),0) -> 0 | J82: =IF(OR(J7=1,J$9=1),SUM(J80:J81),0) -> 0 | K82: =IF(OR(K7=1,K$9=1),SUM(K80:K81),0) -> 0 | L82: =IF(OR(L7=1,L$9=1),SUM(L80:L81),0) -> 0 | M82: =IF(OR(M7=1,M$9=1),SUM(M80:M81),0) -> 0 | N82: =IF(OR(N7=1,N$9=1),SUM(N80:N81),0) -> 0 | O82: =IF(OR(O7=1,O$9=1),SUM(O80:O81),0) -> 0 | P82: =IF(OR(P7=1,P$9=1),SUM(P80:P81),0) -> 0 | ... AG82: =IF(OR(AG7=1,AG$9=1),SUM(AG80:AG81),0) -> 0
B84: Error Check | F84: OpEx
A85: =IF(B85="",0,1) -> 1 | B85: =IF(SUM(COUNTBLANK(INDEX(I85:AG85,MATCH(1,$I$8:$AG$8,0)):OFFSET(INDEX(I85:AG85,MATCH(1,$I$8:$AG$8,0)),,$H$6-1))),"Please include " & F85,"") -> Please include O&M expenditure - to include both contracted and uncontracted costs | F85: O&M expenditure - to include both contracted and uncontracted costs | G85: ZAR '000 | H85: =SUMIF($I$9:$AG$9,1,I85:AG85) -> 0
A86: =IF(B86="",0,1) -> 1 | B86: =IF(SUM(COUNTBLANK(INDEX(I86:AG86,MATCH(1,$I$8:$AG$8,0)):OFFSET(INDEX(I86:AG86,MATCH(1,$I$8:$AG$8,0)),,$H$6-1))),"Please include " & F86,"") -> Please include Major maintenance & capital costs of plant replacement | F86: Major maintenance & capital costs of plant replacement | G86: ZAR '000 | H86: =SUMIF($I$9:$AG$9,1,I86:AG86) -> 0
A87: =IF(B87="",0,1) -> 1 | B87: =IF(SUM(COUNTBLANK(INDEX(I87:AG87,MATCH(1,$I$8:$AG$8,0)):OFFSET(INDEX(I87:AG87,MATCH(1,$I$8:$AG$8,0)),,$H$6-1))),"Please include " & F87,"") -> Please include Utilities | F87: Utilities | G87: ZAR '000 | H87: =SUMIF($I$9:$AG$9,1,I87:AG87) -> 0
A88: =IF(B88="",0,1) -> 1 | B88: =IF(SUM(COUNTBLANK(INDEX(I88:AG88,MATCH(1,$I$8:$AG$8,0)):OFFSET(INDEX(I88:AG88,MATCH(1,$I$8:$AG$8,0)),,$H$6-1))),"Please include " & F88,"") -> Please include Insurance | F88: Insurance | G88: ZAR '000 | H88: =SUMIF($I$9:$AG$9,1,I88:AG88) -> 0
A89: =IF(B89="",0,1) -> 1 | B89: =IF(SUM(COUNTBLANK(INDEX(I89:AG89,MATCH(1,$I$8:$AG$8,0)):OFFSET(INDEX(I89:AG89,MATCH(1,$I$8:$AG$8,0)),,$H$6-1))),"Please include " & F89,"") -> Please include Administration & Project Management | F89: Administration & Project Management | G89: ZAR '000 | H89: =SUMIF($I$9:$AG$9,1,I89:AG89) -> 0
A90: =IF(B90="",0,1) -> 1 | B90: =IF(SUM(COUNTBLANK(INDEX(I90:AG90,MATCH(1,$I$8:$AG$8,0)):OFFSET(INDEX(I90:AG90,MATCH(1,$I$8:$AG$8,0)),,$H$6-1))),"Please include " & F90,"") -> Please include Land lease costs | F90: Land lease costs | G90: ZAR '000 | H90: =SUMIF($I$9:$AG$9,1,I90:AG90) -> 0
A91: =IF(B91="",0,1) -> 1 | B91: =IF(SUM(COUNTBLANK(INDEX(I91:AG91,MATCH(1,$I$8:$AG$8,0)):OFFSET(INDEX(I91:AG91,MATCH(1,$I$8:$AG$8,0)),,$H$6-1))),"Please include " & F91,"") -> Please include Economic and Social Development | F91: Economic and Social Development | G91: ZAR '000 | H91: =SUMIF($I$9:$AG$9,1,I91:AG91) -> 0
A92: =IF(B92="",0,1) -> 1 | B92: =IF(SUM(COUNTBLANK(INDEX(I92:AG92,MATCH(1,$I$8:$AG$8,0)):OFFSET(INDEX(I92:AG92,MATCH(1,$I$8:$AG$8,0)),,$H$6-1))),"Please include " & F92,"") -> Please include Other operating expenditure | F92: Other operating expenditure | G92: ZAR '000 | H92: =SUMIF($I$9:$AG$9,1,I92:AG92) -> 0
A93: =IF(B93="",0,1) -> 1 | B93: =IF(SUM(COUNTBLANK(INDEX(I93:AG93,MATCH(1,$I$8:$AG$8,0)):OFFSET(INDEX(I93:AG93,MATCH(1,$I$8:$AG$8,0)),,$H$6-1))),"Please include " & F93,"") -> Please include RECs verification costs | F93: RECs verification costs | G93: ZAR '000 | H93: =SUMIF($I$9:$AG$9,1,I93:AG93) -> 0
A94: =IF(B94="",0,1) -> 1 | B94: =IF(SUM(COUNTBLANK(INDEX(I94:AG94,MATCH(1,$I$8:$AG$8,0)):OFFSET(INDEX(I94:AG94,MATCH(1,$I$8:$AG$8,0)),,$H$6-1))),"Please include " & F94,"") -> Please include Spare (Please rename) | F94: Spare (Please rename) | G94: ZAR '000 | H94: =SUMIF($I$9:$AG$9,1,I94:AG94) -> 0
F95: Total | G95: ZAR '000 | H95: =SUMIF($I$9:$AG$9,1,I95:AG95) -> 0 | I95: =IF(I$9=1,SUM(I85:I94),0) -> 0 | J95: =IF(J$9=1,SUM(J85:J94),0) -> 0 | K95: =IF(K$9=1,SUM(K85:K94),0) -> 0 | L95: =IF(L$9=1,SUM(L85:L94),0) -> 0 | M95: =IF(M$9=1,SUM(M85:M94),0) -> 0 | N95: =IF(N$9=1,SUM(N85:N94),0) -> 0 | O95: =IF(O$9=1,SUM(O85:O94),0) -> 0 | P95: =IF(P$9=1,SUM(P85:P94),0) -> 0 | ... AG95: =IF(AG$9=1,SUM(AG85:AG94),0) -> 0
F97: Working Capital Adjustments
F98: Debtors | G98: ZAR '000 | H98: =SUMIF($I$9:$AG$9,1,I98:AG98) -> 0
F99: Creditors | G99: ZAR '000 | H99: =SUMIF($I$9:$AG$9,1,I99:AG99) -> 0
F100: VAT | G100: ZAR '000 | H100: =SUMIF($I$9:$AG$9,1,I100:AG100) -> 0
F101: Working Capital Facility | G101: ZAR '000 | H101: =SUMIF($I$9:$AG$9,1,I101:AG101) -> 0
F102: Net Adjustment | G102: ZAR '000 | H102: =SUMIF($I$9:$AG$9,1,I102:AG102) -> 0 | I102: =IF(I$9=1,SUM(I98:I101),0) -> 0 | J102: =IF(J$9=1,SUM(J98:J101),0) -> 0 | K102: =IF(K$9=1,SUM(K98:K101),0) -> 0 | L102: =IF(L$9=1,SUM(L98:L101),0) -> 0 | M102: =IF(M$9=1,SUM(M98:M101),0) -> 0 | N102: =IF(N$9=1,SUM(N98:N101),0) -> 0 | O102: =IF(O$9=1,SUM(O98:O101),0) -> 0 | P102: =IF(P$9=1,SUM(P98:P101),0) -> 0 | ... AG102: =IF(AG$9=1,SUM(AG98:AG101),0) -> 0
F104: Operating Cashflows | G104: ZAR '000 | H104: =SUMIF($I$9:$AG$9,1,I104:AG104) -> 0 | I104: =SUM(I82,I95,I102) -> 0 | J104: =SUM(J82,J95,J102) -> 0 | K104: =SUM(K82,K95,K102) -> 0 | L104: =SUM(L82,L95,L102) -> 0 | M104: =SUM(M82,M95,M102) -> 0 | N104: =SUM(N82,N95,N102) -> 0 | O104: =SUM(O82,O95,O102) -> 0 | P104: =SUM(P82,P95,P102) -> 0 | ... AG104: =SUM(AG82,AG95,AG102) -> 0
B106: Error Check | F106: CapEx
A107: =IF(B107="",0,1) -> 1 | B107: =IF(COLUMNS(I107:AG107)-COUNTBLANK(I107:AG107)=SUM($I$7:$AG$7),"","Please include " & F107) -> Please include EPC / Key equipment costs | F107: EPC / Key equipment costs | G107: ZAR '000 | H107: =SUMIF($I$7:$AG$7,1,I107:AG107) -> 0
A108: =IF(B108="",0,1) -> 1 | B108: =IF(COLUMNS(I108:AG108)-COUNTBLANK(I108:AG108)=SUM($I$7:$AG$7),"","Please include " & F108) -> Please include Balance of plant cost | F108: Balance of plant cost | G108: ZAR '000 | H108: =SUMIF($I$7:$AG$7,1,I108:AG108) -> 0
A109: =IF(B109="",0,1) -> 1 | B109: =IF(COLUMNS(I109:AG109)-COUNTBLANK(I109:AG109)=SUM($I$7:$AG$7),"","Please include " & F109) -> Please include Other construction/installation costs | F109: Other construction/installation costs | G109: ZAR '000 | H109: =SUMIF($I$7:$AG$7,1,I109:AG109) -> 0
A110: =IF(B110="",0,1) -> 1 | B110: =IF(COLUMNS(I110:AG110)-COUNTBLANK(I110:AG110)=SUM($I$7:$AG$7),"","Please include " & F110) -> Please include EPC Contingencies | F110: EPC Contingencies | G110: ZAR '000 | H110: =SUMIF($I$7:$AG$7,1,I110:AG110) -> 0
A111: =IF(B111="",0,1) -> 1 | B111: =IF(COLUMNS(I111:AG111)-COUNTBLANK(I111:AG111)=SUM($I$7:$AG$7),"","Please include " & F111) -> Please include Pre-COD Production cost | F111: Pre-COD Production cost | G111: ZAR '000 | H111: =SUMIF($I$7:$AG$7,1,I111:AG111) -> 0
A112: =IF(B112="",0,1) -> 1 | B112: =IF(COLUMNS(I112:AG112)-COUNTBLANK(I112:AG112)=SUM($I$7:$AG$7),"","Please include " & F112) -> Please include Land acquisition or lease cost | F112: Land acquisition or lease cost | G112: ZAR '000 | H112: =SUMIF($I$7:$AG$7,1,I112:AG112) -> 0
A113: =IF(B113="",0,1) -> 1 | B113: =IF(COLUMNS(I113:AG113)-COUNTBLANK(I113:AG113)=SUM($I$7:$AG$7),"","Please include " & F113) -> Please include Foundation cost | F113: Foundation cost | G113: ZAR '000 | H113: =SUMIF($I$7:$AG$7,1,I113:AG113) -> 0
...

Sheet Capex appendix
B1: Back to Cover Page
B3: Validity Check | D3: Capex Appendix
B4: =IF(SUM(A9,A14:A22,A36:A47,A51:A59,A64:A72,A77:A85)=0,0,1) -> 1 | D4: Project Name: | G4: Site Name:
B5: =SUM(A9:A362) -> 39 | D5: RFP Reference Number: | G5: Site Capcaity MWac
D6: Bidder Reference Number:
A9: =IF(B9="",0,1) -> 0 | B9: =IF(F9="Please Select","Technology has not been selected","") | D9: Technology | E9: Selection | F9: PV+BESS
D11: FIELD DESCRIPTION | F11: UNIT | G11: VALUE | H11: BIDDER FINANCIAL MODEL REFERENCE
D12: Capital Expenditure - Solar PV | H12: (reference in Financial Model e.g. sheet name and cell)
B13: Error Check | D13: Breakdown of Capital Expenditure by elements
A14: =IF(B14="",0,1) -> 0 | B14: =IF(AND($F$9="PV",ISBLANK(G14)),"Please complete","") | D14: Total Capital Expenditure (as per definition in PPA) | F14: ZAR '000
A15: =IF(B15="",0,1) -> 0 | B15: =IF(AND($F$9="PV",ISBLANK(G15)),"Please complete","") | D15: Capital Expenditure per element
A16: =IF(B16="",0,1) -> 0 | B16: =IF(AND($F$9="PV",ISBLANK(G16)),"Please complete","") | D16: Panel | F16: ZAR '000
A17: =IF(B17="",0,1) -> 0 | B17: =IF(AND($F$9="PV",ISBLANK(G17)),"Please complete","") | D17: Inverters | F17: ZAR '000
A18: =IF(B18="",0,1) -> 0 | B18: =IF(AND($F$9="PV",ISBLANK(G18)),"Please complete","") | D18: Distribution | F18: ZAR '000
A19: =IF(B19="",0,1) -> 0 | B19: =IF(AND($F$9="PV",ISBLANK(G19)),"Please complete","") | D19: Mounting | F19: ZAR '000
A20: =IF(B20="",0,1) -> 0 | B20: =IF(AND($F$9="PV",ISBLANK(G20)),"Please complete","") | D20: Storage | F20: ZAR '000
A21: =IF(B21="",0,1) -> 0 | B21: =IF(AND($F$9="PV",ISBLANK(G21)),"Please complete","") | D21: Transformers (before Grid connection) | F21: ZAR '000
A22: =IF(B22="",0,1) -> 0 | B22: =IF(AND($F$9="PV",ISBLANK(G22)),"Please complete","") | D22: Other | F22: ZAR '000
G23: =IF(G14<>SUM('PV Cashflow AFS FI'!$H$85:$H$88),"Total Capital Expenditure does not correlate to the cashflow waterfall","")
D24: Capital Expenditure - BESS | H24: (reference in Financial Model e.g. sheet name and cell)
B25: Error Check | D25: Breakdown of Capital Expenditure by currencies - link to Financial Model
A26: =IF(B26="",0,1) -> 0 | B26: =IF(AND($F$9="BESS",ISBLANK(G26)),"Please complete","") | D26: Total Capital Expenditure (as per definition in PPA) | F26: ZAR '000
A27: =IF(B27="",0,1) -> 0 | B27: =IF(AND($F$9="BESS",ISBLANK(G27)),"Please complete","") | D27: Capital Expenditure per element
A28: =IF(B28="",0,1) -> 0 | B28: =IF(AND($F$9="BESS",ISBLANK(G28)),"Please complete","") | D28: EPC / Key equipment costs | F28: ZAR '000
A29: =IF(B29="",0,1) -> 0 | B29: =IF(AND($F$9="BESS",ISBLANK(G29)),"Please complete","") | D29: Balance of plant cost | F29: ZAR '000
A30: =IF(B30="",0,1) -> 0 | B30: =IF(AND($F$9="BESS",ISBLANK(G30)),"Please complete","") | D30: Other construction/installation costs | F30: ZAR '000
A31: =IF(B31="",0,1) -> 0 | B31: =IF(AND($F$9="BESS",ISBLANK(G31)),"Please complete","") | D31: EPC Contingencies | F31: ZAR '000
A32: =IF(B32="",0,1) -> 0 | B32: =IF(AND($F$9="BESS",ISBLANK(G32)),"Please complete","") | D32: Other | F32: ZAR '000
D34: Debt Service Reserve Account | H34: (reference in Financial Model e.g. sheet name and cell)
B35: Error Check | D35: Maintenance Reserve Account
A36: =IF(B36="",0,1) -> 1 | B36: =IF(ISBLANK(G36),"Please complete","") -> Please complete | D36: Cash and working capital | F36: ZAR
A37: =IF(B37="",0,1) -> 1 | B37: =IF(ISBLANK(G37),"Please complete","") -> Please complete | D37: Capital Expenditure per Currency
A38: =IF(B38="",0,1) -> 1 | B38: =IF(ISBLANK(G38),"Please complete","") -> Please complete | D38: ZAR denominated Capital Expenditure | F38: ZAR
A39: =IF(B39="",0,1) -> 1 | B39: =IF(ISBLANK(G39),"Please complete","") -> Please complete | D39: Euro denominated Capital Expenditure | F39: EUR
A40: =IF(B40="",0,1) -> 1 | B40: =IF(ISBLANK(G40),"Please complete","") -> Please complete | D40: USD denominated Capital Expenditure | F40: USD
A41: =IF(B41="",0,1) -> 1 | B41: =IF(ISBLANK(G41),"Please complete","") -> Please complete | D41: GBP denominated Capital Expenditure | F41: GBP
A42: =IF(B42="",0,1) -> 1 | B42: =IF(ISBLANK(G42),"Please complete","") -> Please complete | D42: JPY denominated Capital Expenditure | F42: JPY
A43: =IF(B43="",0,1) -> 1 | B43: =IF(ISBLANK(G43),"Please complete","") -> Please complete | D43: CNY denominated Capital Expenditure | F43: CNY
A44: =IF(B44="",0,1) -> 1 | B44: =IF(ISBLANK(G44),"Please complete","") -> Please complete | D44: Other currency denominated Capital Expenditure (replace with name of currency) | F44: currency
A45: =IF(B45="",0,1) -> 1 | B45: =IF(ISBLANK(G45),"Please complete","") -> Please complete | D45: Other currency denominated Capital Expenditure (replace with name of currency) | F45: currency
A46: =IF(B46="",0,1) -> 1 | B46: =IF(ISBLANK(G46),"Please complete","") -> Please complete | D46: Other currency denominated Capital Expenditure (replace with name of currency) | F46: currency
A47: =IF(B47="",0,1) -> 1 | B47: =IF(ISBLANK(G47),"Please complete","") -> Please complete | D47: Foreign exchange exposure as a % of the total Capital Expenditure to adjust at Commercial Close | F47: %
D49: Foreign exchange rate sensitivity on the Price | H49: (reference in Financial Model e.g. sheet name and cell)
B50: Error Check
A51: =IF(B51="",0,1) -> 1 | B51: =IF(ISBLANK(G51),"Please complete","") -> Please complete | D51: Price at 30% decrease in foreign exchange rate | F51: Rand/MWh
A52: =IF(B52="",0,1) -> 1 | B52: =IF(ISBLANK(G52),"Please complete","") -> Please complete | D52: Price at 20% decrease in foreign exchange rate | F52: Rand/MWh
A53: =IF(B53="",0,1) -> 1 | B53: =IF(ISBLANK(G53),"Please complete","") -> Please complete | D53: Price at 10% decrease in foreign exchange rate | F53: Rand/MWh
A54: =IF(B54="",0,1) -> 1 | B54: =IF(ISBLANK(G54),"Please complete","") -> Please complete | D54: Price at 5% decrease in foreign exchange rate | F54: Rand/MWh
A55: =IF(B55="",0,1) -> 1 | B55: =IF(ISBLANK(G55),"Please complete","") -> Please complete | D55: Price at base case foreign exchange rate assumptions | F55: Rand/MWh
A56: =IF(B56="",0,1) -> 1 | B56: =IF(ISBLANK(G56),"Please complete","") -> Please complete | D56: Price at 5% increase in foreign exchange rate | F56: Rand/MWh
A57: =IF(B57="",0,1) -> 1 | B57: =IF(ISBLANK(G57),"Please complete","") -> Please complete | D57: Price at 10% increase in foreign exchange rate | F57: Rand/MWh
A58: =IF(B58="",0,1) -> 1 | B58: =IF(ISBLANK(G58),"Please complete","") -> Please complete | D58: Price at 20% increase in foreign exchange rate | F58: Rand/MWh
A59: =IF(B59="",0,1) -> 1 | B59: =IF(ISBLANK(G59),"Please complete","") -> Please complete | D59: Price at 30% increase in foreign exchange rate | F59: Rand/MWh
D62: Interest rate sensitivity on the Price
B63: Error Check
A64: =IF(B64="",0,1) -> 1 | B64: =IF(ISBLANK(G64),"Please complete","") -> Please complete | D64: Price assuming a 200 basis points (+2%) increase in interest rates | F64: Rand/MWh
A65: =IF(B65="",0,1) -> 1 | B65: =IF(ISBLANK(G65),"Please complete","") -> Please complete | D65: Price assuming a 150 basis points (+1.5%) increase in interest rates | F65: Rand/MWh
A66: =IF(B66="",0,1) -> 1 | B66: =IF(ISBLANK(G66),"Please complete","") -> Please complete | D66: Price assuming a 100 basis points (+1%) increase in interest rates | F66: Rand/MWh
A67: =IF(B67="",0,1) -> 1 | B67: =IF(ISBLANK(G67),"Please complete","") -> Please complete | D67: Price assuming a 50 basis points (+0.5%) increase in interest rates | F67: Rand/MWh
A68: =IF(B68="",0,1) -> 1 | B68: =IF(ISBLANK(G68),"Please complete","") -> Please complete | D68: Price at base case interest rate assumptions | F68: Rand/MWh
A69: =IF(B69="",0,1) -> 1 | B69: =IF(ISBLANK(G69),"Please complete","") -> Please complete | D69: Price assuming a 50 basis points (-0.5%) decrease in interest rates | F69: Rand/MWh
A70: =IF(B70="",0,1) -> 1 | B70: =IF(ISBLANK(G70),"Please complete","") -> Please complete | D70: Price assuming a 100 basis points (-1%) decrease in interest rates | F70: Rand/MWh
A71: =IF(B71="",0,1) -> 1 | B71: =IF(ISBLANK(G71),"Please complete","") -> Please complete | D71: Price assuming 150 basis points (-1.5%) decrease in interest rates | F71: Rand/MWh
A72: =IF(B72="",0,1) -> 1 | B72: =IF(ISBLANK(G72),"Please complete","") -> Please complete | D72: Price assuming a 200 basis points (-2%) decrease in interest rates | F72: Rand/MWh
D75: Interest rate and foreign exchange sensitivity on the Price | H75: (reference in Financial Model e.g. sheet name and cell)
B76: Error Check
A77: =IF(B77="",0,1) -> 1 | B77: =IF(ISBLANK(G77),"Please complete","") -> Please complete | D77: Price assuming a 200 basis points (+2%) increase in interest rates and a 30% increase in foreign exchange rate | F77: Rand/MWh
A78: =IF(B78="",0,1) -> 1 | B78: =IF(ISBLANK(G78),"Please complete","") -> Please complete | D78: Price assuming a 150 basis points (+1.5%) increase in interest rates and a 20% increase in foreign exchange rate | F78: Rand/MWh
A79: =IF(B79="",0,1) -> 1 | B79: =IF(ISBLANK(G79),"Please complete","") -> Please complete | D79: Price assuming a 100 basis points (+1%) increase in interest rates and a 10% increase in foreign exchange rate | F79: Rand/MWh
A80: =IF(B80="",0,1) -> 1 | B80: =IF(ISBLANK(G80),"Please complete","") -> Please complete | D80: Price assuming a 50 basis points (+0.5%) increase in interest rates and a 5% increase in foreign exchange rate | F80: Rand/MWh
A81: =IF(B81="",0,1) -> 1 | B81: =IF(ISBLANK(G81),"Please complete","") -> Please complete | D81: Price at base case interest rate and foreign exchange assumptions | F81: Rand/MWh
A82: =IF(B82="",0,1) -> 1 | B82: =IF(ISBLANK(G82),"Please complete","") -> Please complete | D82: Price assuming a 50 basis points (-0.5%) decrease in interest rates and a 5% decrease in foreign exchange rate | F82: Rand/MWh
A83: =IF(B83="",0,1) -> 1 | B83: =IF(ISBLANK(G83),"Please complete","") -> Please complete | D83: Price assuming a 100 basis points (-1%) decrease in interest rates and a 10% decrease in foreign exchange rate | F83: Rand/MWh
A84: =IF(B84="",0,1) -> 1 | B84: =IF(ISBLANK(G84),"Please complete","") -> Please complete | D84: Price assuming 150 basis points (-1.5%) decrease in interest rates and a 20% decrease in foreign exchange rate | F84: Rand/MWh
A85: =IF(B85="",0,1) -> 1 | B85: =IF(ISBLANK(G85),"Please complete","") -> Please complete | D85: Price assuming a 200 basis points (-2%) decrease in interest rates and a 30% decrease in foreign exchange rate | F85: Rand/MWh

Sheet Success and Dev fee appendix
B1: Back to Cover Page
B3: Success and Dev fee appendix
B4: Project Name: | E4: Site Name:
B5: RFP Reference Number: | E5: Site Capcaity MWac
B6: Bidder Reference Number:
B8: Success Payments
B9: "Success Payments" means all developers' fees, success fees, incentive fees, participation fees, premia predicated on financial close or being appointed preferred bidder in respect of the Project, and similar fees or premia paid to any person by any person, whether or not the payer or payee is a member of the consortium that formed the Seller, a developer of the Project, a Shareholder, a Contractor or a third party, as well as all monies or fees or premiums paid by way of dividend sharing, upside sharing or return sharing paid by Shareholders to any other person (regardless of who they are), or any payments of any similar nature or purpose, excluding any arranging fees, underwriting fees and participation fees payable or paid to the Lenders directly in respect of the Debt, and any success fees or arranging fees payable or paid to advisors in respect of the Project, provided such fees paid to Lenders or advisors are within the current market range of such fees.
B10: Name of party receiving Success Payments | C10: Currency of payment | D10: Amount paid or to be paid | E10: Rationale for Success Payment | F10: Cash flow impact (i.e. when is payment expected to be made) | G10: Bidder financial model reference
B11: Success Payments paid or to be paid directly by the Project Company (should pull through in Financial Model and total should equal Success Payments amount stated in source of funds in Appendix JB1)
D12: 0
D13: 0
D14: 0
D15: 0
D16: 0
D17: 0
D18: 0
D19: 0
B21: Other Success Payments not in Financial Model
D22: 0
D23: 0
D24: 0
D25: 0
D26: 0
D27: 0
D28: 0
D29: 0
F31: (reference in Financial Model e.g. sheet name and cell)
B32: Development Fee
B34: Name of party receiving Development Fee | C34: Currency | D34: Amount | E34: Basis of calculation | F34: Bidder financial model reference | H34: Bidder financial model reference
B36: Other (replace with name) | D36: 0
B37: Other (replace with name)
B38: Other (replace with name)
B39: Other (replace with name)
B40: Other (replace with name)
B43: Other Development Fee not in Financial Model
B50: Development Cost from Bid Date to FC
B52: Internal Cost
B53: Month | C53: Currency | D53: Amount | E53: Source
B55: Month 1 | C55: ZAR | D55: 0
B56: Month 2 | C56: ZAR | D56: 0
B57: Month 3 | C57: ZAR | D57: 0
B58: Month 4 | C58: ZAR | D58: 0
B59: Month 5 | C59: ZAR | D59: 0
B60: Month 6 | C60: ZAR | D60: 0
B61: Month 7 | C61: ZAR | D61: 0
B62: Month 8 | C62: ZAR | D62: 0
B63: Month 9 | C63: ZAR | D63: 0
B64: Month 10 | C64: ZAR | D64: 0
B65: Month 11 | C65: ZAR | D65: 0
B66: Month 12 | C66: ZAR | D66: 0
... B78: Month 24 | C78: ZAR | D78: 0
B80: External Cost - Technical
B81: Month | C81: Currency | D81: Amount | E81: Source
B83: Month 1 | C83: ZAR | D83: 0
B84: Month 2 | C84: ZAR | D84: 0
B85: Month 3 | C85: ZAR | D85: 0
B86: Month 4 | C86: ZAR | D86: 0
B87: Month 5 | C87: ZAR | D87: 0
B88: Month 6 | C88: ZAR | D88: 0
B89: Month 7 | C89: ZAR | D89: 0
B90: Month 8 | C90: ZAR | D90: 0
B91: Month 9 | C91: ZAR | D91: 0
B92: Month 10 | C92: ZAR | D92: 0
B93: Month 11 | C93: ZAR | D93: 0
B94: Month 12 | C94: ZAR | D94: 0
... B106: Month 24 | C106: ZAR | D106: 0
B108: External Cost - Permitting
B109: Month | C109: Currency | D109: Amount | E109: Source
B111: Month 1 | C111: ZAR | D111: 0
B112: Month 2 | C112: ZAR | D112: 0
B113: Month 3 | C113: ZAR | D113: 0
B114: Month 4 | C114: ZAR | D114: 0
B115: Month 5 | C115: ZAR | D115: 0
B116: Month 6 | C116: ZAR | D116: 0
B117: Month 7 | C117: ZAR | D117: 0
B118: Month 8 | C118: ZAR | D118: 0
B119: Month 9 | C119: ZAR | D119: 0
B120: Month 10 | C120: ZAR | D120: 0
B121: Month 11 | C121: ZAR | D121: 0
B122: Month 12 | C122: ZAR | D122: 0
... B134: Month 24 | C134: ZAR | D134: 0
B136: External Cost - Fund Raising
B137: Month | C137: Currency | D137: Amount | E137: Source
B139: Month 1 | C139: ZAR | D139: 0
B140: Month 2 | C140: ZAR | D140: 0
B141: Month 3 | C141: ZAR | D141: 0
B142: Month 4 | C142: ZAR | D142: 0
B143: Month 5 | C143: ZAR | D143: 0
B144: Month 6 | C144: ZAR | D144: 0
B145: Month 7 | C145: ZAR | D145: 0
B146: Month 8 | C146: ZAR | D146: 0
B147: Month 9 | C147: ZAR | D147: 0
B148: Month 10 | C148: ZAR | D148: 0
B149: Month 11 | C149: ZAR | D149: 0
B150: Month 12 | C150: ZAR | D150: 0
... B162: Month 24 | C162: ZAR | D162: 0
B164: External Cost - Other
B165: Month | C165: Currency | D165: Amount | E165: Source
B167: Month 1 | C167: ZAR | D167: 0
B168: Month 2 | C168: ZAR | D168: 0
...

Sheet Debt funding appendix
B1: Back to Cover Page
B3: Debt Funding Appendix
B4: Project Name: | E4: Site Name:
B5: RFP Reference Number: | E5: Site Capcaity MWac
B6: Bidder Reference Number:
B8: Debt Term Sheets Instructions
B9: This sheet is to be completed per site and per technology
B10: This sheet is to be copied to the bidders financial model.
B11: This can be done by right clicking on the tabs, select "Move or Copy", select your financial model under the "To Book" dropdown and click OK
B12: The Bidders model should link directly to this tab so that the sources of information can be easily traced
B13: All information should correspond to the unit for that line - e.g. if the unit for the line is ZAR '000 then the amount should be in thousands of dollars
B14: The debt terms linked in this appendix need to be linked to the financial model.
B15: The debt terms used in the financial model need to correspond to a specific term sheet and cannot be blended terms based on a combination of funders
B17: Field Description | C17: Unit | D17: Lender 1 | E17: Lender 2 | F17: Lender 3 | G17: Lender 4 | H17: Lender 5 | I17: Lender 6 | J17: Lender 7 | K17: Lender 8 | L17: Lender 9 | M17: Lender 10
B18: Facility Details
B19: Name of lender (where a single lender provides more than one senior debt facility please enter each facility separately with the same lender name and where a single facility is provided by multiple lenders please enter each lender separately) | C19: text
B20: Specify senior debt / mezzanine / sub-ordinated | C20: text
B21: Currency | C21: text
B22: Indexation | C22: select
B23: Debt from Corporate Finance or External Debt as defined in Part A | C23: select
B24: Reference in Bid Submission (Letter of Support and Term Sheet) | C24: text
B25: Gearing constraints | C25: text
B27: Where Debt is Corporate Finance:
B28: Source of Funds | C28: text
B30: Facility Size
B31: Max facility amount - base currency | C31: currency
B32: Max facility amount - ZAR equivalent | C32: ZAR
B33: Facility amount assumed used - base currency | C33: currency
B34: Facility amount assumed used - ZAR equivalent | C34: ZAR
B35: Percentage contribution to total debt based on model drawdowns | C35: %
B37: Timing
B38: Loan tenor from SCOD | C38: years
B39: Debt tail | C39: years
B40: Availability period | C40: months
B41: Grace period | C41: months
B42: Maturity date | C42: date
B44: Fees
B45: Agency Fees | C45: ZAR pa
B46: Commitment fees | C46: % p.a.
B47: Arranging and underwriting fees | C47: %
B48: Liquidity costs | C48: % p.a.
B49: Statutory costs | C49: % p.a.
B50: Cancellation and Prepayment Fees (if applicable) | C50: ZAR
B52: Interest rates during construction/availability period
B53: Base rate used in model (if floating rate debt is not fully hedged please state blended rate forecast in first monthly period of construction) | C53: % p.a.
B54: Credit margin | C54: % p.a.
B55: Construction all-in-rate (should equal liquidity costs + statutory costs + base rate + credit margin) | C55: % p.a. | D55: =IF(D53<>"",D$48+D$49+D53+D54,0) -> 0 | E55: =IF(E53<>"",E$48+E$49+E53+E54,0) -> 0 | F55: =IF(F53<>"",F$48+F$49+F53+F54,0) -> 0 | G55: =IF(G53<>"",G$48+G$49+G53+G54,0) -> 0 | H55: =IF(H53<>"",H$48+H$49+H53+H54,0) -> 0 | I55: =IF(I53<>"",I$48+I$49+I53+I54,0) -> 0 | J55: =IF(J53<>"",J$48+J$49+J53+J54,0) -> 0 | K55: =IF(K53<>"",K$48+K$49+K53+K54,0) -> 0 | ... M55: =IF(M53<>"",M$48+M$49+M53+M54,0) -> 0
B56: CHECK: balance all-in-rate and liquidity costs + statutory costs + base rate + credit margin | D56: =IF(D19<>"",D55-(D$48+D$49+D53+D54),"") | E56: =IF(E19<>"",E55-(E$48+E$49+E53+E54),"") | F56: =IF(F19<>"",F55-(F$48+F$49+F53+F54),"") | G56: =IF(G19<>"",G55-(G$48+G$49+G53+G54),"") | H56: =IF(H19<>"",H55-(H$48+H$49+H53+H54),"") | I56: =IF(I19<>"",I55-(I$48+I$49+I53+I54),"") | J56: =IF(J19<>"",J55-(J$48+J$49+J53+J54),"") | K56: =IF(K19<>"",K55-(K$48+K$49+K53+K54),"") | ... M56: =IF(M19<>"",M55-(M$48+M$49+M53+M54),"")
B57: Interest rates during operations/debt service period
B58: 1st period interest rate ratchet
B59: Duration | C59: years
B60: Base rate used in model (if floating rate debt is not fully hedged please state blended rate forecast in first semi-annual period of ratchet) | C60: % p.a.
B61: Credit margin | C61: % p.a.
B62: 1st period all-in-rate (should equal liquidity costs + statutory costs + base rate + credit margin) | C62: % p.a. | D62: =IF(D60<>"",D$48+D$49+D60+D61,0) -> 0 | E62: =IF(E60<>"",E$48+E$49+E60+E61,0) -> 0 | F62: =IF(F60<>"",F$48+F$49+F60+F61,0) -> 0 | G62: =IF(G60<>"",G$48+G$49+G60+G61,0) -> 0 | H62: =IF(H60<>"",H$48+H$49+H60+H61,0) -> 0 | I62: =IF(I60<>"",I$48+I$49+I60+I61,0) -> 0 | J62: =IF(J60<>"",J$48+J$49+J60+J61,0) -> 0 | K62: =IF(K60<>"",K$48+K$49+K60+K61,0) -> 0 | ... M62: =IF(M60<>"",M$48+M$49+M60+M61,0) -> 0
B63: CHECK: balance all-in-rate and liquidity costs + statutory costs + base rate + credit margin | D63: =IF(D59<>"",D62-(D$48+D$49+D60+D61),"") | E63: =IF(E59<>"",E62-(E$48+E$49+E60+E61),"") | F63: =IF(F59<>"",F62-(F$48+F$49+F60+F61),"") | G63: =IF(G59<>"",G62-(G$48+G$49+G60+G61),"") | H63: =IF(H59<>"",H62-(H$48+H$49+H60+H61),"") | I63: =IF(I59<>"",I62-(I$48+I$49+I60+I61),"") | J63: =IF(J59<>"",J62-(J$48+J$49+J60+J61),"") | K63: =IF(K59<>"",K62-(K$48+K$49+K60+K61),"") | ... M63: =IF(M59<>"",M62-(M$48+M$49+M60+M61),"")
B64: 2nd period interest rate ratchet
B65: Duration | C65: years
B66: Base rate used in model (if floating rate debt is not fully hedged please state blended rate forecast in first semi-annual period of ratchet) | C66: % p.a.
B67: Credit margin | C67: % p.a.
B68: 2nd period all-in-rate (should equal liquidity costs + statutory costs + base rate + credit margin) | C68: % p.a. | D68: =IF(D66<>"",D$48+D$49+D66+D67,0) -> 0 | E68: =IF(E66<>"",E$48+E$49+E66+E67,0) -> 0 | F68: =IF(F66<>"",F$48+F$49+F66+F67,0) -> 0 | G68: =IF(G66<>"",G$48+G$49+G66+G67,0) -> 0 | H68: =IF(H66<>"",H$48+H$49+H66+H67,0) -> 0 | I68: =IF(I66<>"",I$48+I$49+I66+I67,0) -> 0 | J68: =IF(J66<>"",J$48+J$49+J66+J67,0) -> 0 | K68: =IF(K66<>"",K$48+K$49+K66+K67,0) -> 0 | ... M68: =IF(M66<>"",M$48+M$49+M66+M67,0) -> 0
B69: CHECK: balance all-in-rate and liquidity costs + statutory costs + base rate + credit margin | D69: =IF(D65<>"",D68-(D$48+D$49+D66+D67),"") | E69: =IF(E65<>"",E68-(E$48+E$49+E66+E67),"") | F69: =IF(F65<>"",F68-(F$48+F$49+F66+F67),"") | G69: =IF(G65<>"",G68-(G$48+G$49+G66+G67),"") | H69: =IF(H65<>"",H68-(H$48+H$49+H66+H67),"") | I69: =IF(I65<>"",I68-(I$48+I$49+I66+I67),"") | J69: =IF(J65<>"",J68-(J$48+J$49+J66+J67),"") | K69: =IF(K65<>"",K68-(K$48+K$49+K66+K67),"") | ... M69: =IF(M65<>"",M68-(M$48+M$49+M66+M67),"")
B70: 3rd period interest rate ratchet
B71: Duration | C71: years
B72: Base rate used in model (if floating rate debt is not fully hedged please state blended rate forecast in first semi-annual period of ratchet) | C72: % p.a.
B73: Credit margin | C73: % p.a.
B74: 3rd period all-in-rate (should equal liquidity costs + statutory costs + base rate + credit margin) | C74: % p.a. | D74: =IF(D72<>"",D$48+D$49+D72+D73,0) -> 0 | E74: =IF(E72<>"",E$48+E$49+E72+E73,0) -> 0 | F74: =IF(F72<>"",F$48+F$49+F72+F73,0) -> 0 | G74: =IF(G72<>"",G$48+G$49+G72+G73,0) -> 0 | H74: =IF(H72<>"",H$48+H$49+H72+H73,0) -> 0 | I74: =IF(I72<>"",I$48+I$49+I72+I73,0) -> 0 | J74: =IF(J72<>"",J$48+J$49+J72+J73,0) -> 0 | K74: =IF(K72<>"",K$48+K$49+K72+K73,0) -> 0 | ... M74: =IF(M72<>"",M$48+M$49+M72+M73,0) -> 0
B75: CHECK: balance all-in-rate and liquidity costs + statutory costs + base rate + credit margin | D75: =IF(D71<>"",D74-(D$48+D$49+D72+D73),"") | E75: =IF(E71<>"",E74-(E$48+E$49+E72+E73),"") | F75: =IF(F71<>"",F74-(F$48+F$49+F72+F73),"") | G75: =IF(G71<>"",G74-(G$48+G$49+G72+G73),"") | H75: =IF(H71<>"",H74-(H$48+H$49+H72+H73),"") | I75: =IF(I71<>"",I74-(I$48+I$49+I72+I73),"") | J75: =IF(J71<>"",J74-(J$48+J$49+J72+J73),"") | K75: =IF(K71<>"",K74-(K$48+K$49+K72+K73),"") | ... M75: =IF(M71<>"",M74-(M$48+M$49+M72+M73),"")
B76: 4th period interest rate ratchet
B77: Duration | C77: years | D77: 0
B78: Base rate used in model (if floating rate debt is not fully hedged please state blended rate forecast in first semi-annual period of ratchet) | C78: % p.a.
B79: Credit margin | C79: % p.a.
B80: 4th period all-in-rate (should equal liquidity costs + statutory costs + base rate + credit margin) | C80: % p.a. | D80: =IF(D78<>"",D$48+D$49+D78+D79,0) -> 0 | E80: =IF(E78<>"",E$48+E$49+E78+E79,0) -> 0 | F80: =IF(F78<>"",F$48+F$49+F78+F79,0) -> 0 | G80: =IF(G78<>"",G$48+G$49+G78+G79,0) -> 0 | H80: =IF(H78<>"",H$48+H$49+H78+H79,0) -> 0 | I80: =IF(I78<>"",I$48+I$49+I78+I79,0) -> 0 | J80: =IF(J78<>"",J$48+J$49+J78+J79,0) -> 0 | K80: =IF(K78<>"",K$48+K$49+K78+K79,0) -> 0 | ... M80: =IF(M78<>"",M$48+M$49+M78+M79,0) -> 0
B81: CHECK: balance all-in-rate and liquidity costs + statutory costs + base rate + credit margin | D81: =IF(D77<>"",D80-(D$48+D$49+D78+D79),"") -> 0 | E81: =IF(E77<>"",E80-(E$48+E$49+E78+E79),"") | F81: =IF(F77<>"",F80-(F$48+F$49+F78+F79),"") | G81: =IF(G77<>"",G80-(G$48+G$49+G78+G79),"") | H81: =IF(H77<>"",H80-(H$48+H$49+H78+H79),"") | I81: =IF(I77<>"",I80-(I$48+I$49+I78+I79),"") | J81: =IF(J77<>"",J80-(J$48+J$49+J78+J79),"") | K81: =IF(K77<>"",K80-(K$48+K$49+K78+K79),"") | ... M81: =IF(M77<>"",M80-(M$48+M$49+M78+M79),"")

Sheet Technical appendix
B1: Back to Cover Page
B3: Validity Check | D3: Technical information
B4: =IF(SUM(A7:A14,A18:A28,A30:A46)=0,0,1) -> 1
B5: =SUM(A7:A47) -> 35 | D5: FIELD DESCRIPTION | E5: UNIT | F5: VALUE | G5: REFERENCE IN BID SUBMISSION
B6: Error Check | D6: Project details | G6: Reference (reference in Financial Model e.g. sheet name and cell and / or reference in the RFP submission e.g. volume and page number)
A7: =IF(B7="",0,1) -> 1 | B7: =IF(ISBLANK(F7),"Please Complete","") -> Please Complete | D7: Gross capacity (for Wind and PV please use Nameplate Capacity) | E7: MW
A8: =IF(B8="",0,1) -> 1 | B8: =IF(ISBLANK(F8),"Please Complete","") -> Please Complete | D8: Contracted Capacity (as per the Financial Model) | E8: MW
A9: =IF(B9="",0,1) -> 1 | B9: =IF(ISBLANK(F9),"Please Complete","") -> Please Complete | D9: Contracted Capacity | E9: MW
A10: =IF(B10="",0,1) -> 1 | B10: =IF(ISBLANK(F10),"Please Complete","") -> Please Complete | D10: Maximum Export Capacity | E10: MW
A11: =IF(B11="",0,1) -> 1 | B11: =IF(ISBLANK(F11),"Please Complete","") -> Please Complete | D11: Planned voltage connection level | E11: kV
A12: =IF(B12="",0,1) -> 1 | B12: =IF(ISBLANK(F12),"Please Complete","") -> Please Complete | D12: Planned connection point (i.e. the name of the substation or distribution line onto which the Project is intended to connect) | E12: text
A13: =IF(B13="",0,1) -> 1 | B13: =IF(ISBLANK(F13),"Please Complete","") -> Please Complete | D13: Scheduled grid connection date | E13: Date
A14: =IF(B14="",0,1) -> 1 | B14: =IF(ISBLANK(F14),"Please Complete","") -> Please Complete | D14: Availability expected hours of availability taking into account all predicted outages (including grid outage) in first full year of operation/8760 hours | E14: %
B16: =IF(F16="Please Select","Technology has not been selected","") | D16: Technology | E16: Selection | F16: PV
A18: =IF(B18="",0,1) -> 0 | D18: SOLAR PHOTOVOLTAIC (IF APPLICABLE) | E18: Unit | F18: Value
A19: =IF(B19="",0,1) -> 1 | B19: =IF(AND($F$16="PV",ISBLANK(F19)),"Please Complete","") -> Please Complete | D19: PV Module Type including manufacturer [e.g. Polycrystalline, Monocrystalline, Thin Film] | E19: text
A20: =IF(B20="",0,1) -> 1 | B20: =IF(AND($F$16="PV",ISBLANK(F20)),"Please Complete","") -> Please Complete | D20: Number of PV Modules | E20: unit
A21: =IF(B21="",0,1) -> 1 | B21: =IF(AND($F$16="PV",ISBLANK(F21)),"Please Complete","") -> Please Complete | D21: Number of module strings (where a string constitutes a number of modules connected to a common inverter) | E21: unit
A22: =IF(B22="",0,1) -> 1 | B22: =IF(AND($F$16="PV",ISBLANK(F22)),"Please Complete","") -> Please Complete | D22: Mounting Type (fixed, single axis tracking or double axis tracking) | E22: text
A23: =IF(B23="",0,1) -> 1 | B23: =IF(AND($F$16="PV",ISBLANK(F23)),"Please Complete","") -> Please Complete | D23: PV inverter (manufacturer and model) | E23: text
A24: =IF(B24="",0,1) -> 1 | B24: =IF(AND($F$16="PV",ISBLANK(F24)),"Please Complete","") -> Please Complete | D24: Maximum instantaneous AC rated capacity of inverter | E24: MW
A25: =IF(B25="",0,1) -> 1 | B25: =IF(AND($F$16="PV",ISBLANK(F25)),"Please Complete","") -> Please Complete | D25: Maximum continuous AC rated capacity of inverter | E25: MW
A26: =IF(B26="",0,1) -> 1 | B26: =IF(AND($F$16="PV",ISBLANK(F26)),"Please Complete","") -> Please Complete | D26: Number of inverters | E26: unit
A27: =IF(B27="",0,1) -> 1 | B27: =IF(AND($F$16="PV",ISBLANK(F27)),"Please Complete","") -> Please Complete | D27: Transformer ratings | E27: text
A28: =IF(B28="",0,1) -> 1 | B28: =IF(AND($F$16="PV",ISBLANK(F28)),"Please Complete","") -> Please Complete | D28: Number of transformers | E28: unit
D29: Costing Information
A30: =IF(B30="",0,1) -> 1 | B30: =IF(AND($F$16="PV",ISBLANK(F30)),"Please Complete","") -> Please Complete | D30: Nationality of module manufacturer | E30: text
A31: =IF(B31="",0,1) -> 1 | B31: =IF(AND($F$16="PV",ISBLANK(F31)),"Please Complete","") -> Please Complete | D31: Base currency of cost of modules | E31: text
A32: =IF(B32="",0,1) -> 1 | B32: =IF(AND($F$16="PV",ISBLANK(F32)),"Please Complete","") -> Please Complete | D32: Total cost of modules in base currency (link to Financial Model) | E32: stated currency
A33: =IF(B33="",0,1) -> 1 | B33: =IF(AND($F$16="PV",ISBLANK(F33)),"Please Complete","") -> Please Complete | D33: FX rate assumed to convert cost of modules to Rands (link to Financial Model) | E33: XXX:ZAR
A34: =IF(B34="",0,1) -> 1 | B34: =IF(AND($F$16="PV",ISBLANK(F34)),"Please Complete","") -> Please Complete | D34: Total cost of modules in Rands (link to Financial Model) | E34: ZAR
A35: =IF(B35="",0,1) -> 1 | B35: =IF(AND($F$16="PV",ISBLANK(F35)),"Please Complete","") -> Please Complete | D35: Cost per module in Rands | E35: ZAR
A36: =IF(B36="",0,1) -> 1 | B36: =IF(AND($F$16="PV",ISBLANK(F36)),"Please Complete","") -> Please Complete | D36: Watt of module | E36: W
A37: =IF(B37="",0,1) -> 1 | B37: =IF(AND($F$16="PV",ISBLANK(F37)),"Please Complete","") -> Please Complete | D37: Cost per Watt of module in Rands | E37: ZAR/W
A38: =IF(B38="",0,1) -> 1 | B38: =IF(AND($F$16="PV",ISBLANK(F38)),"Please Complete","") -> Please Complete | D38: Nationality of inverter manufacturer | E38: text
A39: =IF(B39="",0,1) -> 1 | B39: =IF(AND($F$16="PV",ISBLANK(F39)),"Please Complete","") -> Please Complete | D39: Base currency of cost of inverters | E39: text
A40: =IF(B40="",0,1) -> 1 | B40: =IF(AND($F$16="PV",ISBLANK(F40)),"Please Complete","") -> Please Complete | D40: Total cost of inverters in base currency (link to Financial Model) | E40: stated currency
A41: =IF(B41="",0,1) -> 1 | B41: =IF(AND($F$16="PV",ISBLANK(F41)),"Please Complete","") -> Please Complete | D41: FX rate assumed to convert cost of inverters to Rands (link to Financial Model) | E41: XXX:ZAR
... A46: =IF(B46="",0,1) -> 1 | B46: =IF(AND($F$16="PV",ISBLANK(F46)),"Please Complete","") -> Please Complete | D46: Total cost of transformers in Rands (link to Financial Model) | E46: ZAR
D48: BESS (IF APPLICABLE) | E48: Unit | F48: Value
A49: =IF(B49="",0,1) -> 0 | B49: =IF(AND($F$16="BESS",ISBLANK(F49)),"Please Complete","") | D49: Gross energy storage capacity | E49: MWh
A50: =IF(B50="",0,1) -> 0 | B50: =IF(AND($F$16="BESS",ISBLANK(F50)),"Please Complete","") | D50: Gross capacity (NDC) | E50: MW
A51: =IF(B51="",0,1) -> 0 | B51: =IF(AND($F$16="BESS",ISBLANK(F51)),"Please Complete","") | D51: Contracted Capacity (as per the Financial Model) | E51: MW
A52: =IF(B52="",0,1) -> 0 | B52: =IF(AND($F$16="BESS",ISBLANK(F52)),"Please Complete","") | D52: Contracted Capacity (as per PPA) | E52: MW
A53: =IF(B53="",0,1) -> 0 | B53: =IF(AND($F$16="BESS",ISBLANK(F53)),"Please Complete","") | D53: Maximum Export Capacity (as per PPA) | E53: MW
A54: =IF(B54="",0,1) -> 0 | B54: =IF(AND($F$16="BESS",ISBLANK(F54)),"Please Complete","") | D54: Planned voltage connection level (as per PPA) | E54: kV
A55: =IF(B55="",0,1) -> 0 | B55: =IF(AND($F$16="BESS",ISBLANK(F55)),"Please Complete","") | D55: Planned connection point (i.e. the name of the substation or distribution line onto which the Project is intended to connect as per PPA) | E55: text
A56: =IF(B56="",0,1) -> 0 | B56: =IF(AND($F$16="BESS",ISBLANK(F56)),"Please Complete","") | D56: Scheduled grid connection date (as per PPA, program) | E56: Date
A57: =IF(B57="",0,1) -> 0 | B57: =IF(AND($F$16="BESS",ISBLANK(F57)),"Please Complete","") | D57: Min Round Trip Effiency at the Point of Delivery | E57: %
A58: =IF(B58="",0,1) -> 0 | B58: =IF(AND($F$16="BESS",ISBLANK(F58)),"Please Complete","") | D58: Availability Factor expected hours of availability taking into account all predicted outages in first full year of operation/8760 hours | E58: %
A59: =IF(B59="",0,1) -> 0 | B59: =IF(AND($F$16="BESS",ISBLANK(F59)),"Please Complete","") | D59: Technology employed
A60: =IF(B60="",0,1) -> 0 | B60: =IF(AND($F$16="BESS",ISBLANK(F60)),"Please Complete","") | D60: Operating expenditure - average annual costs in real April 2024 terms
A61: =IF(B61="",0,1) -> 0 | B61: =IF(AND($F$16="BESS",ISBLANK(F61)),"Please Complete","") | D61: O&M expenditure - to include both contracted and uncontracted costs | E61: Rand p.a.
A62: =IF(B62="",0,1) -> 0 | B62: =IF(AND($F$16="BESS",ISBLANK(F62)),"Please Complete","") | D62: Major maintenance & capital costs of plant replacement | E62: Rand p.a.
A63: =IF(B63="",0,1) -> 0 | B63: =IF(AND($F$16="BESS",ISBLANK(F63)),"Please Complete","") | D63: Utilities | E63: Rand p.a.
A64: =IF(B64="",0,1) -> 0 | B64: =IF(AND($F$16="BESS",ISBLANK(F64)),"Please Complete","") | D64: Insurance | E64: Rand p.a.
A65: =IF(B65="",0,1) -> 0 | B65: =IF(AND($F$16="BESS",ISBLANK(F65)),"Please Complete","") | D65: Administration & Project Management | E65: Rand p.a.
A66: =IF(B66="",0,1) -> 0 | B66: =IF(AND($F$16="BESS",ISBLANK(F66)),"Please Complete","") | D66: Land lease costs | E66: Rand p.a.
A67: =IF(B67="",0,1) -> 0 | B67: =IF(AND($F$16="BESS",ISBLANK(F67)),"Please Complete","") | D67: Economic and Social Development | E67: Rand p.a.
A68: =IF(B68="",0,1) -> 0 | B68: =IF(AND($F$16="BESS",ISBLANK(F68)),"Please Complete","") | D68: Other operating expenditure | E68: Rand p.a.
A69: =IF(B69="",0,1) -> 0 | B69: =IF(AND($F$16="BESS",ISBLANK(F69)),"Please Complete","") | D69: Aggregate annual operating expenditure (in real April 2024 terms) | E69: Rand p.a.
A70: =IF(B70="",0,1) -> 0 | B70: =IF(AND($F$16="BESS",ISBLANK(F70)),"Please Complete","") | D70: Operating expenditure - total nominal costs over [x] year operating period
A71: =IF(B71="",0,1) -> 0 | B71: =IF(AND($F$16="BESS",ISBLANK(F71)),"Please Complete","") | D71: Aggregate nominal operating expenditure over [x] year operating period | E71: Rand p.a.
A72: =IF(B72="",0,1) -> 0 | B72: =IF(AND($F$16="BESS",ISBLANK(F72)),"Please Complete","") | D72: Economic and Social Development
A73: =IF(B73="",0,1) -> 0 | B73: =IF(AND($F$16="BESS",ISBLANK(F73)),"Please Complete","") | D73: ENERGY STORAGE
A74: =IF(B74="",0,1) -> 0 | B74: =IF(AND($F$16="BESS",ISBLANK(F74)),"Please Complete","") | D74: Technical Information as per the PPA
A75: =IF(B75="",0,1) -> 0 | B75: =IF(AND($F$16="BESS",ISBLANK(F75)),"Please Complete","") | D75: xxx
A76: =IF(B76="",0,1) -> 0 | B76: =IF(AND($F$16="BESS",ISBLANK(F76)),"Please Complete","") | D76: xxx
A77: =IF(B77="",0,1) -> 0 | B77: =IF(AND($F$16="BESS",ISBLANK(F77)),"Please Complete","") | D77: xxx
A78: =IF(B78="",0,1) -> 0 | B78: =IF(AND($F$16="BESS",ISBLANK(F78)),"Please Complete","") | D78: Costing Information
A79: =IF(B79="",0,1) -> 0 | B79: =IF(AND($F$16="BESS",ISBLANK(F79)),"Please Complete","") | D79: xxx
A80: =IF(B80="",0,1) -> 0 | B80: =IF(AND($F$16="BESS",ISBLANK(F80)),"Please Complete","") | D80: xxx
A81: =IF(B81="",0,1) -> 0 | B81: =IF(AND($F$16="BESS",ISBLANK(F81)),"Please Complete","") | D81: xxx
A82: =IF(B82="",0,1) -> 0 | B82: =IF(AND($F$16="BESS",ISBLANK(F82)),"Please Complete","") | D82: xxx

Sheet BEE appendix
B1: Back to Cover Page
B3: Validity Check | F3: Construction Start | G3: COD | H3: Template Model start | I3: =IF(MONTH(H4)=4,H4,"Error") -> 44652 | J3: =I4+1 -> 45017 | K3: =J4+1 -> 45383 | L3: =K4+1 -> 45748 | M3: =L4+1 -> 46113 | N3: =M4+1 -> 46478 | O3: =N4+1 -> 46844 | P3: =O4+1 -> 47209 | Q3: =P4+1 -> 47574 | ... AG3: =AF4+1 -> 53418
B4: =IF(SUM(A25,A81,A130,A179,A228)=0,0,1) -> 1 | F4: 44774 | G4: =DATE(YEAR(F4),MONTH(F4)+F6,DAY(F4)) -> 45444 | H4: 44652 | I4: =EOMONTH(I3,11) -> 45016 | J4: =EOMONTH(J3,11) -> 45382 | K4: =EOMONTH(K3,11) -> 45747 | L4: =EOMONTH(L3,11) -> 46112 | M4: =EOMONTH(M3,11) -> 46477 | N4: =EOMONTH(N3,11) -> 46843 | O4: =EOMONTH(O3,11) -> 47208 | P4: =EOMONTH(P3,11) -> 47573 | ... AG4: =EOMONTH(AG3,11) -> 53782
B5: =SUM(A20:A228) -> 1 | F5: Construction Period | G5: End of PPA | H5: PPA Period | I5: =YEAR(I4) -> 2023 | J5: =YEAR(J4) -> 2024 | K5: =YEAR(K4) -> 2025 | L5: =YEAR(L4) -> 2026 | M5: =YEAR(M4) -> 2027 | N5: =YEAR(N4) -> 2028 | O5: =YEAR(O4) -> 2029 | P5: =YEAR(P4) -> 2030 | ... AG5: =YEAR(AG4) -> 2047
F6: 22 | G6: =DATE(YEAR(G4)+H6,MONTH(G4),DAY(G4)-1) -> 52748 | H6: =20 -> 20
A7: Enter all figures in ZAR '000. Only input into grey cells | G7: Construction Period | I7: =IF(AND(I4>$F$4,I3<$G$4),1,0) -> 1 | J7: =IF(AND(J4>$F$4,J3<$G$4),1,0) -> 1 | K7: =IF(AND(K4>$F$4,K3<$G$4),1,0) -> 1 | L7: =IF(AND(L4>$F$4,L3<$G$4),1,0) -> 0 | M7: =IF(AND(M4>$F$4,M3<$G$4),1,0) -> 0 | N7: =IF(AND(N4>$F$4,N3<$G$4),1,0) -> 0 | O7: =IF(AND(O4>$F$4,O3<$G$4),1,0) -> 0 | P7: =IF(AND(P4>$F$4,P3<$G$4),1,0) -> 0 | ... AG7: =IF(AND(AG4>$F$4,AG3<$G$4),1,0) -> 0
G8: COD Flag | H8: Start of Project Operations | I8: =IF(AND(I3<=$G$4,I4>=$G$4),1,0) -> 0 | J8: =IF(AND(J3<=$G$4,J4>=$G$4),1,0) -> 0 | K8: =IF(AND(K3<=$G$4,K4>=$G$4),1,0) -> 1 | L8: =IF(AND(L3<=$G$4,L4>=$G$4),1,0) -> 0 | M8: =IF(AND(M3<=$G$4,M4>=$G$4),1,0) -> 0 | N8: =IF(AND(N3<=$G$4,N4>=$G$4),1,0) -> 0 | O8: =IF(AND(O3<=$G$4,O4>=$G$4),1,0) -> 0 | P8: =IF(AND(P3<=$G$4,P4>=$G$4),1,0) -> 0 | ... AG8: =IF(AND(AG3<=$G$4,AG4>=$G$4),1,0) -> 0
G9: Operations Active | I9: =IF(AND(I4>=$G$4,I3<=$G$6),1,0) -> 0 | J9: =IF(AND(J4>=$G$4,J3<=$G$6),1,0) -> 0 | K9: =IF(AND(K4>=$G$4,K3<=$G$6),1,0) -> 1 | L9: =IF(AND(L4>=$G$4,L3<=$G$6),1,0) -> 1 | M9: =IF(AND(M4>=$G$4,M3<=$G$6),1,0) -> 1 | N9: =IF(AND(N4>=$G$4,N3<=$G$6),1,0) -> 1 | O9: =IF(AND(O4>=$G$4,O3<=$G$6),1,0) -> 1 | P9: =IF(AND(P4>=$G$4,P3<=$G$6),1,0) -> 1 | ... AG9: =IF(AND(AG4>=$G$4,AG3<=$G$6),1,0) -> 0
A10: How to use this sheet
A11: This sheet is to be completed per site and per technology
A12: This sheet is to be copied to the bidders financial model.
A13: This can be done by right clicking on the tabs, select "Move or Copy", select your financial model under the "To Book" dropdown and click OK
A14: The Bidders model should link directly to this tab so that the sources of information can be easily traced
A15: All amounts should correspond to the unit for that line - e.g. if the unit for the line is ZAR '000 then the amount should be in thousands of dollars
A16: Expenses for the Bidder (e.g. Capex or Opex) should be negative numbers if they decrease cashflow while amounts that increase cashflow should be positive
A17: All Shareholders should have a name assigned, names such as "TBC" will not be accepted
B20: Error Check | F20: BEE Shareholders | H20: Total Percentage Held | I20: Debt (%) | J20: Equity (%)
F21: BEE Shareholder 1 | G21: %
F22: BEE Shareholder 2 | G22: %
F23: BEE Shareholder 3 | G23: %
F24: BEE Shareholder 4 | G24: %
A25: =IF(B25="",0,1) -> 1 | B25: =IF(H25<>1,"Total not equal to 100%","") -> Total not equal to 100% | H25: =SUM(H21:H24) -> 0
F27: BEE Shareholders | H27: Total Funding | I27: Pure Equity | J27: Shareholder loans
F28: =F21 -> BEE Shareholder 1 | G28: ZAR '000
F29: =F22 -> BEE Shareholder 2 | G29: ZAR '000
F30: =F23 -> BEE Shareholder 3 | G30: ZAR '000
F31: =F24 -> BEE Shareholder 4 | G31: ZAR '000
B34: =F21 -> BEE Shareholder 1
E36: Funding commitments
F37: ="Total Funding Call to " & F21 -> Total Funding Call to BEE Shareholder 1 | G37: ZAR '000 | H37: =SUMIF($I$7:$AG$7,1,I37:AG37) -> 0
E39: Funding returns
F40: Dividends | G40: ZAR '000 | H40: =SUMIF($I$9:$AG$9,1,I40:AG40) -> 0
F41: Shareholder loan interest | G41: ZAR '000 | H41: =SUMIF($I$9:$AG$9,1,I41:AG41) -> 0
F42: Shareholder loan principal | G42: ZAR '000 | H42: =SUMIF($I$9:$AG$9,1,I42:AG42) -> 0
F43: Total | H43: =SUMIF($I$9:$AG$9,1,I43:AG43) -> 0 | I43: =IF(I$9=1,SUM(I40:I42),0) -> 0 | J43: =IF(J$9=1,SUM(J40:J42),0) -> 0 | K43: =IF(K$9=1,SUM(K40:K42),0) -> 0 | L43: =IF(L$9=1,SUM(L40:L42),0) -> 0 | M43: =IF(M$9=1,SUM(M40:M42),0) -> 0 | N43: =IF(N$9=1,SUM(N40:N42),0) -> 0 | O43: =IF(O$9=1,SUM(O40:O42),0) -> 0 | P43: =IF(P$9=1,SUM(P40:P42),0) -> 0 | ... AG43: =IF(AG$9=1,SUM(AG40:AG42),0) -> 0
E45: Cash waterfall
F46: Dividends received | G46: ZAR '000 | H46: =SUMIF($I$9:$AG$9,1,I46:AG46) -> 0
F47: Shareholder loan interest recevied | G47: ZAR '000 | H47: =SUMIF($I$9:$AG$9,1,I47:AG47) -> 0
F48: Corporate tax payment | G48: ZAR '000 | H48: =SUMIF($I$9:$AG$9,1,I48:AG48) -> 0
F49: Withholding tax on dividends paid | G49: ZAR '000 | H49: =SUMIF($I$9:$AG$9,1,I49:AG49) -> 0
F51: Cash flow after operating activities | G51: ZAR '000 | H51: =SUMIF($I$9:$AG$9,1,I51:AG51) -> 0 | I51: =SUM(I46:I49) -> 0 | J51: =SUM(J46:J49) -> 0 | K51: =SUM(K46:K49) -> 0 | L51: =SUM(L46:L49) -> 0 | M51: =SUM(M46:M49) -> 0 | N51: =SUM(N46:N49) -> 0 | O51: =SUM(O46:O49) -> 0 | P51: =SUM(P46:P49) -> 0 | ... AG51: =SUM(AG46:AG49) -> 0
F53: Investment in Project | G53: ZAR '000 | H53: =SUMIF($I$7:$AG$7,1,I53:AG53) -> 0
F54: Shareholder loan principal repayments | G54: ZAR '000 | H54: =SUMIF($I$9:$AG$9,1,I54:AG54) -> 0
F55: Cash contribution from shareholders | G55: ZAR '000 | H55: =SUMIF($I$7:$AG$7,1,I55:AG55) -> 0
F56: Debt drawdowns | G56: ZAR '000 | H56: =SUMIF($I$7:$AG$7,1,I56:AG56) -> 0
F58: Cash available for debt service | G58: ZAR '000 | H58: =SUMIF($I$9:$AG$9,1,I58:AG58) -> 0 | I58: =I51+SUM(I53:I56) -> 0 | J58: =J51+SUM(J53:J56) -> 0 | K58: =K51+SUM(K53:K56) -> 0 | L58: =L51+SUM(L53:L56) -> 0 | M58: =M51+SUM(M53:M56) -> 0 | N58: =N51+SUM(N53:N56) -> 0 | O58: =O51+SUM(O53:O56) -> 0 | P58: =P51+SUM(P53:P56) -> 0 | ... AG58: =AG51+SUM(AG53:AG56) -> 0
F60: Debt repayments | G60: ZAR '000 | H60: =SUMIF($I$9:$AG$9,1,I60:AG60) -> 0
F62: Cash flow after funding activities | G62: ZAR '000 | H62: =SUMIF($I$9:$AG$9,1,I62:AG62) -> 0 | I62: =I58+I60 -> 0 | J62: =J58+J60 -> 0 | K62: =K58+K60 -> 0 | L62: =L58+L60 -> 0 | M62: =M58+M60 -> 0 | N62: =N58+N60 -> 0 | O62: =O58+O60 -> 0 | P62: =P58+P60 -> 0 | ... AG62: =AG58+AG60 -> 0
F64: Cash distributions to shareholders (trickle dividends) | G64: ZAR '000 | H64: =SUMIF($I$9:$AG$9,1,I64:AG64) -> 0 | I64: =MAX(I62+H68,0) -> 0 | J64: =MAX(J62+I68,0) -> 0 | K64: =MAX(K62+J68,0) -> 0 | L64: =MAX(L62+K68,0) -> 0 | M64: =MAX(M62+L68,0) -> 0 | N64: =MAX(N62+M68,0) -> 0 | O64: =MAX(O62+N68,0) -> 0 | P64: =MAX(P62+O68,0) -> 0 | ... AG64: =MAX(AG62+AF68,0) -> 0
F66: Net cash flow | H66: =SUMIF($I$9:$AG$9,1,I66:AG66) -> 0 | I66: =I62+I64 -> 0 | J66: =J62+J64 -> 0 | K66: =K62+K64 -> 0 | L66: =L62+L64 -> 0 | M66: =M62+M64 -> 0 | N66: =N62+N64 -> 0 | O66: =O62+O64 -> 0 | P66: =P62+P64 -> 0 | ... AG66: =AG62+AG64 -> 0
F67: Cash opening balance | I67: =H68 -> 0 | J67: =I68 -> 0 | K67: =J68 -> 0 | L67: =K68 -> 0 | M67: =L68 -> 0 | N67: =M68 -> 0 | O67: =N68 -> 0 | P67: =O68 -> 0 | ... AG67: =AF68 -> 0
F68: Cash closing balance | I68: =SUM(I66:I67) -> 0 | J68: =SUM(J66:J67) -> 0 | K68: =SUM(K66:K67) -> 0 | L68: =SUM(L66:L67) -> 0 | M68: =SUM(M66:M67) -> 0 | N68: =SUM(N66:N67) -> 0 | O68: =SUM(O66:O67) -> 0 | P68: =SUM(P66:P67) -> 0 | ... AG68: =SUM(AG66:AG67) -> 0
E70: Debt workings
F71: CFADS | G71: ZAR '000 | H71: =SUMIF($I$9:$AG$9,1,I71:AG71) -> 0 | I71: =I58 -> 0 | J71: =J58 -> 0 | K71: =K58 -> 0 | L71: =L58 -> 0 | M71: =M58 -> 0 | N71: =N58 -> 0 | O71: =O58 -> 0 | P71: =P58 -> 0 | ... AG71: =AG58 -> 0
F73: Debt profile
F74: Opening balance | G74: ZAR '000 | I74: =H79 -> 0 | J74: =I79 -> 0 | K74: =J79 -> 0 | L74: =K79 -> 0 | M74: =L79 -> 0 | N74: =M79 -> 0 | O74: =N79 -> 0 | P74: =O79 -> 0 | ... AG74: =AF79 -> 0
F75: Drawdown | G75: ZAR '000 | H75: =SUMIF($I$7:$AG$7,1,I75:AG75) -> 0
F76: Upfront fees | G76: ZAR '000 | H76: =SUMIF($I$7:$AG$7,1,I76:AG76) -> 0
F77: Interest | G77: ZAR '000 | H77: {=SUMPRODUCT((($I$7:$AG$7)=1)*I77:AG77)+SUMPRODUCT((($I$9:$AG$9)=1)*I77:AG77)-SUMPRODUCT((($I$8:$AG$8)=1)*I77:AG77)} -> 0
F78: Repayment | G78: ZAR '000 | H78: =SUMIF($I$9:$AG$9,1,I78:AG78) -> 0
F79: Closing balance | G79: ZAR '000 | I79: =SUM(I74:I78) -> 0 | J79: =SUM(J74:J78) -> 0 | K79: =SUM(K74:K78) -> 0 | L79: =SUM(L74:L78) -> 0 | M79: =SUM(M74:M78) -> 0 | N79: =SUM(N74:N78) -> 0 | O79: =SUM(O74:O78) -> 0 | P79: =SUM(P74:P78) -> 0 | ... AG79: =SUM(AG74:AG78) -> 0
A81: =IF(B81="",0,1) -> 0 | B81: =_xlfn.IFNA(IF(H81>YEAR($G$4+($H$6*365)),"Debt term longer than PPA",""),"Error") | F81: Vesting date | G81: Year | H81: =IF(H75=0,0,INDEX($I$5:$AG$5,MATCH(1,$I81:$AG81,0))) -> 0 | I81: =IF(AND(H79>0,I79=0),1,0) -> 0 | J81: =IF(AND(I79>0,J79=0),1,0) -> 0 | K81: =IF(AND(J79>0,K79=0),1,0) -> 0 | L81: =IF(AND(K79>0,L79=0),1,0) -> 0 | M81: =IF(AND(L79>0,M79=0),1,0) -> 0 | N81: =IF(AND(M79>0,N79=0),1,0) -> 0 | O81: =IF(AND(N79>0,O79=0),1,0) -> 0 | P81: =IF(AND(O79>0,P79=0),1,0) -> 0 | ... AG81: =IF(AND(AF79>0,AG79=0),1,0) -> 0
B83: =F22 -> BEE Shareholder 2
E85: Funding commitments
F86: ="Total Funding Call to " & F22 -> Total Funding Call to BEE Shareholder 2 | G86: ZAR '000 | H86: =SUMIF($I$7:$AG$7,1,I86:AG86) -> 0
E88: Funding returns
F89: Dividends | G89: ZAR '000 | H89: =SUMIF($I$9:$AG$9,1,I89:AG89) -> 0
F90: Shareholder loan interest | G90: ZAR '000 | H90: =SUMIF($I$9:$AG$9,1,I90:AG90) -> 0
F91: Shareholder loan principal | G91: ZAR '000 | H91: =SUMIF($I$9:$AG$9,1,I91:AG91) -> 0
F92: Total | H92: =SUMIF($I$9:$AG$9,1,I92:AG92) -> 0 | I92: =SUM(I89:I91) -> 0 | J92: =SUM(J89:J91) -> 0 | K92: =SUM(K89:K91) -> 0 | L92: =SUM(L89:L91) -> 0 | M92: =SUM(M89:M91) -> 0 | N92: =SUM(N89:N91) -> 0 | O92: =SUM(O89:O91) -> 0 | P92: =SUM(P89:P91) -> 0 | ... AG92: =SUM(AG89:AG91) -> 0
E94: Cash waterfall
F95: Dividends received | G95: ZAR '000 | H95: =SUMIF($I$9:$AG$9,1,I95:AG95) -> 0
F96: Shareholder loan interest recevied | G96: ZAR '000 | H96: =SUMIF($I$9:$AG$9,1,I96:AG96) -> 0
F97: Corporate tax payment | G97: ZAR '000 | H97: =SUMIF($I$9:$AG$9,1,I97:AG97) -> 0
F98: Withholding tax on dividends paid | G98: ZAR '000 | H98: =SUMIF($I$9:$AG$9,1,I98:AG98) -> 0
F100: Cash flow after operating activities | G100: ZAR '000 | H100: =SUMIF($I$9:$AG$9,1,I100:AG100) -> 0 | I100: =SUM(I95:I98) -> 0 | J100: =SUM(J95:J98) -> 0 | K100: =SUM(K95:K98) -> 0 | L100: =SUM(L95:L98) -> 0 | M100: =SUM(M95:M98) -> 0 | N100: =SUM(N95:N98) -> 0 | O100: =SUM(O95:O98) -> 0 | P100: =SUM(P95:P98) -> 0 | ... AG100: =SUM(AG95:AG98) -> 0
F102: Investment in Project | G102: ZAR '000 | H102: =SUMIF($I$7:$AG$7,1,I102:AG102) -> 0
F103: Shareholder loan principal repayments | G103: ZAR '000 | H103: =SUMIF($I$9:$AG$9,1,I103:AG103) -> 0
F104: Cash contribution from shareholders | G104: ZAR '000 | H104: =SUMIF($I$7:$AG$7,1,I104:AG104) -> 0
F105: Debt drawdowns | G105: ZAR '000 | H105: =SUMIF($I$7:$AG$7,1,I105:AG105) -> 0
F107: Cash available for debt service | G107: ZAR '000 | H107: =SUMIF($I$9:$AG$9,1,I107:AG107) -> 0 | I107: =I100+SUM(I102:I105) -> 0 | J107: =J100+SUM(J102:J105) -> 0 | K107: =K100+SUM(K102:K105) -> 0 | L107: =L100+SUM(L102:L105) -> 0 | M107: =M100+SUM(M102:M105) -> 0 | N107: =N100+SUM(N102:N105) -> 0 | O107: =O100+SUM(O102:O105) -> 0 | P107: =P100+SUM(P102:P105) -> 0 | ... AG107: =AG100+SUM(AG102:AG105) -> 0
F109: Debt repayments | G109: ZAR '000 | H109: =SUMIF($I$9:$AG$9,1,I109:AG109) -> 0
F111: Cash flow after funding activities | G111: ZAR '000 | H111: =SUMIF($I$9:$AG$9,1,I111:AG111) -> 0 | I111: =I107+I109 -> 0 | J111: =J107+J109 -> 0 | K111: =K107+K109 -> 0 | L111: =L107+L109 -> 0 | M111: =M107+M109 -> 0 | N111: =N107+N109 -> 0 | O111: =O107+O109 -> 0 | P111: =P107+P109 -> 0 | ... AG111: =AG107+AG109 -> 0
F113: Cash distributions to shareholders (trickle dividends) | G113: ZAR '000 | H113: =SUMIF($I$9:$AG$9,1,I113:AG113) -> 0 | I113: =MAX(I111+H117,0) -> 0 | J113: =MAX(J111+I117,0) -> 0 | K113: =MAX(K111+J117,0) -> 0 | L113: =MAX(L111+K117,0) -> 0 | M113: =MAX(M111+L117,0) -> 0 | N113: =MAX(N111+M117,0) -> 0 | O113: =MAX(O111+N117,0) -> 0 | P113: =MAX(P111+O117,0) -> 0 | ... AG113: =MAX(AG111+AF117,0) -> 0
F115: Net cash flow | H115: =SUMIF($I$9:$AG$9,1,I115:AG115) -> 0 | I115: =I111+I113 -> 0 | J115: =J111+J113 -> 0 | K115: =K111+K113 -> 0 | L115: =L111+L113 -> 0 | M115: =M111+M113 -> 0 | N115: =N111+N113 -> 0 | O115: =O111+O113 -> 0 | P115: =P111+P113 -> 0 | ... AG115: =AG111+AG113 -> 0
F116: Cash opening balance | I116: =H117 -> 0 | J116: =I117 -> 0 | K116: =J117 -> 0 | L116: =K117 -> 0 | M116: =L117 -> 0 | N116: =M117 -> 0 | O116: =N117 -> 0 | P116: =O117 -> 0 | ... AG116: =AF117 -> 0
F117: Cash closing balance | I117: =SUM(I115:I116) -> 0 | J117: =SUM(J115:J116) -> 0 | K117: =SUM(K115:K116) -> 0 | L117: =SUM(L115:L116) -> 0 | M117: =SUM(M115:M116) -> 0 | N117: =SUM(N115:N116) -> 0 | O117: =SUM(O115:O116) -> 0 | P117: =SUM(P115:P116) -> 0 | ... AG117: =SUM(AG115:AG116) -> 0
E119: Debt workings
F120: CFADS | G120: ZAR '000 | H120: =SUMIF($I$9:$AG$9,1,I120:AG120) -> 0 | I120: =I107 -> 0 | J120: =J107 -> 0 | K120: =K107 -> 0 | L120: =L107 -> 0 | M120: =M107 -> 0 | N120: =N107 -> 0 | O120: =O107 -> 0 | P120: =P107 -> 0 | ... AG120: =AG107 -> 0
F122: Debt profile
F123: Opening balance | G123: ZAR '000 | I123: =H128 -> 0 | J123: =I128 -> 0 | K123: =J128 -> 0 | L123: =K128 -> 0 | M123: =L128 -> 0 | N123: =M128 -> 0 | O123: =N128 -> 0 | P123: =O128 -> 0 | ... AG123: =AF128 -> 0
F124: Drawdown | G124: ZAR '000 | H124: =SUMIF($I$7:$AG$7,1,I124:AG124) -> 0
F125: Upfront fees | G125: ZAR '000 | H125: =SUMIF($I$7:$AG$7,1,I125:AG125) -> 0
F126: Interest | G126: ZAR '000 | H126: {=SUMPRODUCT((($I$7:$AG$7)=1)*I126:AG126)+SUMPRODUCT((($I$9:$AG$9)=1)*I126:AG126)-SUMPRODUCT((($I$8:$AG$8)=1)*I126:AG126)} -> 0
F127: Repayment | G127: ZAR '000 | H127: =SUMIF($I$9:$AG$9,1,I127:AG127) -> 0
F128: Closing balance | G128: ZAR '000 | I128: =SUM(I123:I127) -> 0 | J128: =SUM(J123:J127) -> 0 | K128: =SUM(K123:K127) -> 0 | L128: =SUM(L123:L127) -> 0 | M128: =SUM(M123:M127) -> 0 | N128: =SUM(N123:N127) -> 0 | O128: =SUM(O123:O127) -> 0 | P128: =SUM(P123:P127) -> 0 | ... AG128: =SUM(AG123:AG127) -> 0
A130: =IF(B130="",0,1) -> 0 | B130: =_xlfn.IFNA(IF(H130>YEAR($G$4+($H$6*365)),"Debt term longer than PPA",""),"Error") | F130: Vesting date | G130: Year | H130: =IF(H124=0,0,INDEX($I$5:$AG$5,MATCH(1,$I130:$AG130,0))) -> 0 | I130: =IF(AND(H128>0,I128=0),1,0) -> 0 | J130: =IF(AND(I128>0,J128=0),1,0) -> 0 | K130: =IF(AND(J128>0,K128=0),1,0) -> 0 | L130: =IF(AND(K128>0,L128=0),1,0) -> 0 | M130: =IF(AND(L128>0,M128=0),1,0) -> 0 | N130: =IF(AND(M128>0,N128=0),1,0) -> 0 | O130: =IF(AND(N128>0,O128=0),1,0) -> 0 | P130: =IF(AND(O128>0,P128=0),1,0) -> 0 | ... AG130: =IF(AND(AF128>0,AG128=0),1,0) -> 0
B132: =F23 -> BEE Shareholder 3
E134: Funding commitments
F135: ="Total Funding Call to " & F23 -> Total Funding Call to BEE Shareholder 3 | G135: ZAR '000 | H135: =SUMIF($I$7:$AG$7,1,I135:AG135) -> 0
...

Sheet Macro-economic inputs
B1: Back to Cover Page
B3: Foreign exchange spot and forward rates (mid rates) | E3: Source
B5: Tenor | C5: text | J5: SP | K5: SN | L5: 1W | M5: 2W | N5: 3W | O5: 1M | P5: 2M | Q5: 3M | R5: 4M | S5: 5M | T5: 6M | U5: 9M | V5: 1Y | W5: 15M | X5: 18M | Y5: 2Y | Z5: 3Y | AA5: 4Y | AB5: 5Y | AC5: 6Y | AD5: 7Y | AE5: 8Y | AF5: 9Y | AG5: 10Y | AH5: 15Y | AI5: 20Y | AJ5: 25Y | AK5: 30Y
B6: Days | C6: days | J6: 0 | K6: 1 | L6: 7 | M6: 14 | N6: 21 | O6: 30 | P6: 63 | Q6: 92 | R6: 120 | S6: 155 | T6: 182 | U6: 273 | V6: 365 | W6: 457 | X6: 547 | Y6: 730 | Z6: 1095 | AA6: 1463 | AB6: 1827 | AC6: 2191 | AD6: 2556 | AE6: 2922 | AF6: 3287 | AG6: 3654 | AH6: 5478 | AI6: 7305 | AJ6: 9131 | AK6: 10957
B8: USD/ZAR | C8: USD/ZAR | E8: [x] Currency Forecasts Monthly Mar 2023 with additional interpolation | J8: 18.6 | K8: 18.60215 | L8: 18.613835 | M8: 18.626347 | N8: 18.638804 | O8: 18.5 | P8: 18.45 | Q8: 18.4 | R8: 18.32 | S8: 18.3 | T8: 17.9 | U8: 18 | V8: 18.077317 | W8: 18.154634 | X8: 18.23195 | Y8: 18.387334 | Z8: 18.694304 | AA8: 19.007171 | AB8: 19.366042 | AC8: 19.667941 | AD8: 19.974547 | AE8: 20.285933 | AF8: 20.602173 | AG8: 20.923342 | AH8: 22.605872 | AI8: 24.423701 | AJ8: 26.387708 | AK8: 28.509649
B10: IRS Zero Coupon Rates & Discount Factors
J11: ZC
B12: Tenor | J12: 3M | K12: 6M | L12: 9M | M12: 12M | N12: 15M | O12: 18M | P12: 2Y | Q12: 3Y | R12: 4Y | S12: 5Y | T12: 6Y | U12: 7Y | V12: 8Y | W12: 9Y | X12: 10Y | Y12: 12Y | Z12: 15Y | AA12: 20Y | AB12: 25Y | AC12: 30Y
H13: column
B14: ZAR 3m Jibar | C14: % naca | E14: Long term forecasts of Jibar | H14: 2 | J14: 7.8801 | K14: 7.9104 | L14: 8.0949 | M14: 8.1164 | N14: 8.1738 | O14: 8.1957 | P14: 8.1659 | Q14: 7.8598 | R14: 7.6345 | S14: 7.5225 | T14: 7.668 | U14: 7.7567 | V14: 7.7567 | W14: 8.0337 | X14: 8.1886 | Y14: 8.1886 | Z14: 8.7153 | AA14: 8.983 | AB14: 8.983 | AC14: 9.5577
B15: USD 3m Libor | C15: % naca | E15: Sourced Central bank rates with additional interpolation | H15: 6 | J15: 3 | K15: 3.25 | L15: 3.2 | M15: 3.05 | N15: 2.65 | O15: 2.2 | P15: 2.175 | Q15: 2.0786979 | R15: 2.0394073 | S15: 2.0279306 | T15: 2.0237639 | U15: 2.0214935 | V15: 2.0219037 | W15: 2.0271658 | X15: 2.039914 | Y15: 2.0655272 | Z15: 2.089043 | AA15: 2.0676246 | AB15: 1.9714418 | AC15: 1.877539
B16: Euribor 3m | C16: % naca | E16: Euribor Base Rate | H16: 10 | J16: -0.1429841 | K16: 0.34858711 | L16: 0.66840349 | M16: 0.87131866 | N16: 1.022156 | O16: 1.1316618 | P16: 1.2672901 | Q16: 1.4141264 | R16: 1.5597444 | S16: 1.6951675 | T16: 1.8056639 | U16: 1.900345 | V16: 1.9909202 | W16: 2.0787074 | X16: 2.1642116 | Y16: 2.3049969 | Z16: 2.4110898 | AA16: 2.3371183 | AB16: 2.1789881 | AC16: 2.0242472
B18: Foreign exchange spot and forward rates (mid rates) | D18: FX Source:
B20: Tenor | C20: text | J20: SP | K20: SN | L20: 1W | M20: 2W | N20: 3W | O20: 1M | P20: 2M | Q20: 3M | R20: 4M | S20: 5M | T20: 6M | U20: 9M | V20: 1Y | W20: 15M | X20: 18M | Y20: 2Y | Z20: 3Y | AA20: 4Y | AB20: 5Y | AC20: 6Y | AD20: 7Y | AE20: 8Y | AF20: 9Y | AG20: 10Y | AH20: 15Y | AI20: 20Y | AJ20: 25Y | AK20: 30Y
B21: Days | C21: days | J21: 0 | K21: 1 | L21: 7 | M21: 14 | N21: 21 | O21: 30 | P21: 63 | Q21: 92 | R21: 120 | S21: 155 | T21: 182 | U21: 273 | V21: 365 | W21: 457 | X21: 547 | Y21: 730 | Z21: 1095 | AA21: 1463 | AB21: 1827 | AC21: 2191 | AD21: 2556 | AE21: 2922 | AF21: 3287 | AG21: 3654 | AH21: 5478 | AI21: 7305 | AJ21: 9131 | AK21: 10957
B23: USD/ZAR | C23: USD/ZAR | J23: 16.8726 | K23: 16.87455 | L23: 16.88515 | M23: 16.8965 | N23: 16.9078 | O23: 16.9223 | P23: 16.9723 | Q23: 17.01755 | R23: 17.0663 | S23: 17.10695 | T23: 17.1489 | U23: 17.28955 | V23: 17.45905 | W23: 17.6601 | X23: 17.8635 | Y23: 18.2658 | Z23: 19.3552 | AA23: 20.511 | AB23: 21.8178 | AC23: 23.29005 | AD23: 24.9822 | AE23: 26.8657 | AF23: 28.76555 | AG23: 30.8449 | AH23: 41.11615 | AI23: 52.0197 | AJ23: 66.9142 | AK23: 77.5077
B24: USD/ZAR Percentage change per period | K24: 0.00011557199 | L24: 0.0006281649 | M24: 0.00067218828 | N24: 0.00066877756 | O24: 0.00085759235 | P24: 0.0029546811 | Q24: 0.0026661089 | R24: 0.0028646897 | S24: 0.0023818871 | T24: 0.0024522197 | U24: 0.0082016922 | V24: 0.0098036097 | W24: 0.011515518 | X24: 0.011517489 | Y24: 0.022520783 | Z24: 0.059641516 | AA24: 0.059715219 | AB24: 0.063712154 | AC24: 0.067479306 | AD24: 0.07265549 | AE24: 0.07539368 | AF24: 0.070716564 | AG24: 0.07228612 | AH24: 0.3329967 | AI24: 0.26518898 | AJ24: 0.28632422 | AK24: 0.15831468
B25: EUR/ZAR | C25: EUR/ZAR | J25: 17.1829 | K25: 17.185911 | L25: 17.202954 | M25: 17.221846 | N25: 17.241771 | O25: 17.269576 | P25: 17.360972 | Q25: 17.446927 | R25: 17.541256 | S25: 17.621141 | T25: 17.722592 | U25: 17.990254 | V25: 18.280468 | W25: 18.595835 | X25: 18.908698 | Y25: 19.496652 | Z25: 20.956034 | AA25: 22.463529 | AB25: 24.137906 | AC25: 25.983541 | AD25: 28.097844 | AE25: 30.41505 | AF25: 32.765997 | AG25: 35.337052 | AH25: 48.610794 | AI25: 64.06388 | AJ25: 84.455973 | AK25: 98.937568
B26: EUR/ZAR Percentage change per period | K26: 0.00017526145 | L26: 0.00099165529 | M26: 0.0010981835 | N26: 0.0011569898 | O26: 0.0016126533 | P26: 0.0052922838 | Q26: 0.0049510189 | R26: 0.0054066543 | S26: 0.0045540924 | T26: 0.0057574026 | U26: 0.015102813 | V26: 0.01613179 | W26: 0.017251582 | X26: 0.016824358 | Y26: 0.03109434 | Z26: 0.074852929 | AA26: 0.071936132 | AB26: 0.074537574 | AC26: 0.076462078 | AD26: 0.081370857 | AE26: 0.082469175 | AF26: 0.077295517 | AG26: 0.078467168 | AH26: 0.37563241 | AI26: 0.31789413 | AJ26: 0.31830874 | AK26: 0.17146917
B27: GBP/ZAR | C27: GBP/ZAR | J27: 20.30855 | K27: 20.311116 | L27: 20.325191 | M27: 20.340516 | N27: 20.357949 | O27: 20.38022 | P27: 20.453703 | Q27: 20.521802 | R27: 20.596272 | S27: 20.658317 | T27: 20.738098 | U27: 20.946763 | V27: 21.180995 | W27: 21.448367 | X27: 21.715739 | Y27: 22.244671 | Z27: 23.661477 | AA27: 25.218724 | AB27: 27.025365 | AC27: 29.115828 | AD27: 31.505854 | AE27: 34.158296 | AF27: 36.873306 | AG27: 39.857163 | AH27: 55.682659 | AI27: 73.348668 | AJ27: 95.194434 | AK27: 109.78068
B28: GBP/ZAR Percentage change per period | K28: 0.00012637461 | L28: 0.00069296314 | M28: 0.00075398528 | N28: 0.00085703356 | O28: 0.0010939953 | P28: 0.0036055712 | Q28: 0.0033294234 | R28: 0.0036288627 | S28: 0.0030124055 | T28: 0.0038619557 | U28: 0.01006188 | V28: 0.011182273 | W28: 0.012623208 | X28: 0.012465849 | Y28: 0.02435707 | Z28: 0.063691931 | AA28: 0.065813587 | AB28: 0.071638907 | AC28: 0.07735186 | AD28: 0.08208685 | AE28: 0.084188849 | AF28: 0.07948319 | AG28: 0.080921863 | AH28: 0.39705525 | AI28: 0.31726232 | AJ28: 0.29783453 | AK28: 0.15322585
B29: CNY/ZAR | C29: CNY/ZAR | J29: 2.52145 | K29: 2.5223835 | L29: 2.527993 | M29: 2.528477 | N29: 2.5301465 | O29: 2.5330115 | P29: 2.5385925 | Q29: 2.5431885 | R29: 2.550925 | S29: 2.558274 | T29: 2.5661525 | U29: 2.591217 | V29: 2.620446 | W29: 2.64547 | X29: 2.6715635 | Y29: 2.7487505 | Z29: 2.8707595 | AA29: 2.971541 | AB29: 3.0535145 | AC29: 3.151951 | AD29: 3.269253 | AE29: 3.4014995 | AF29: 3.5236455 | AG29: 3.6621575 | AH29: 4.1865395 | AI29: 4.4760455 | AJ29: 4.7145545 | AK29: 4.409974
B30: CNY/ZAR Percentage change per period | K30: 0.00037022348 | L30: 0.0022238886 | M30: 0.00019145623 | N30: 0.0006602789 | O30: 0.0011323455 | P30: 0.0022033062 | Q30: 0.0018104521 | R30: 0.0030420474 | S30: 0.0028809157 | T30: 0.0030796154 | U30: 0.0097673463 | V30: 0.011280028 | W30: 0.0095495194 | X30: 0.0098634647 | Y30: 0.02889207 | Z30: 0.044387077 | AA30: 0.035106215 | AB30: 0.027586192 | AC30: 0.032237116 | AD30: 0.03721568 | AE30: 0.040451596 | AF30: 0.035909457 | AG30: 0.039309289 | AH30: 0.14318936 | AI30: 0.069151623 | AJ30: 0.053285651 | AK30: -0.064604301
B31: IRS Zero Coupon Rates & Discount Factors | D31: Rates Source:
J32: ZC
B33: Tenor | J33: 3M | K33: 6M | L33: 9M | M33: 12M | N33: 15M | O33: 18M | P33: 2Y | Q33: 3Y | R33: 4Y | S33: 5Y | T33: 6Y | U33: 7Y | V33: 8Y | W33: 9Y | X33: 10Y | Y33: 12Y | Z33: 15Y | AA33: 20Y | AB33: 25Y | AC33: 30Y
H34: column
B35: ZAR 3m Jibar | C35: % naca | H35: 2 | J35: 5.067 | K35: 5.7908126 | L35: 6.2779737 | M35: 6.6894002 | N35: 7.0063764 | O35: 7.2476083 | P35: 7.580622 | Q35: 7.9754904 | R35: 8.2443678 | S35: 8.5338645 | T35: 8.830895 | U35: 9.1373382 | V35: 9.4307021 | W35: 9.634987 | X35: 9.7663297 | Y35: 9.9860081 | Z35: 10.044797 | AA35: 9.9100555 | AB35: 9.7797957 | AC35: 9.5590057
B36: ZAR 3m Jibar Percentage change per period | K36: 0.14284835 | L36: 0.084126562 | M36: 0.065534918 | N36: 0.047384845 | O36: 0.034430329 | P36: 0.045948081 | Q36: 0.05208919 | R36: 0.033712955 | S36: 0.035114482 | T36: 0.034806103 | U36: 0.03470126 | V36: 0.032106058 | W36: 0.021661677 | X36: 0.013631852 | Y36: 0.022493447 | Z36: 0.0058871113 | AA36: -0.013414044 | AB36: -0.013144205 | AC36: -0.022576137
B37: USD 3m Libor | C37: % naca | H37: 6 | J37: 2.453683 | K37: 3.0713997 | L37: 3.3348198 | M37: 3.4511342 | N37: 3.4843408 | O37: 3.4703852 | P37: 3.3538077 | Q37: 3.2053118 | R37: 3.1447264 | S37: 3.1270296 | T37: 3.1206046 | U37: 3.1171037 | V37: 3.1177362 | W37: 3.1258502 | X37: 3.1455078 | Y37: 3.1850028 | Z37: 3.2212636 | AA37: 3.1882369 | AB37: 3.0399249 | AC37: 2.8951286
B38: USD 3m Jibar Percentage change per period | K38: 0.25175079 | L38: 0.085765512 | M38: 0.034878752 | N38: 0.00962194 | O38: -0.0040052225 | P38: -0.033592097 | Q38: -0.044276822 | R38: -0.018901543 | S38: -0.00562746 | T38: -0.0020546587 | U38: -0.0011218771 | V38: 0.00020290264 | W38: 0.0026025414 | X38: 0.0062887117 | Y38: 0.012556017 | Z38: 0.011384868 | AA38: -0.010252733 | AB38: -0.046518492 | AC38: -0.047631552
B39: Euribor 3m | C39: % naca | H39: 10 | J39: -0.1429841 | K39: 0.34858711 | L39: 0.66840349 | M39: 0.87131866 | N39: 1.022156 | O39: 1.1316618 | P39: 1.2672901 | Q39: 1.4141264 | R39: 1.5597444 | S39: 1.6951675 | T39: 1.8056639 | U39: 1.900345 | V39: 1.9909202 | W39: 2.0787074 | X39: 2.1642116 | Y39: 2.3049969 | Z39: 2.4110898 | AA39: 2.3371183 | AB39: 2.1789881 | AC39: 2.0242472
B40: Euribor 3m Jibar Percentage change per period | K40: -3.4379432 | L40: 0.91746474 | M40: 0.30358186 | N40: 0.17311389 | O40: 0.10713211 | P40: 0.11984885 | Q40: 0.11586637 | R40: 0.10297378 | S40: 0.08682392 | T40: 0.065183187 | U40: 0.052435593 | V40: 0.047662537 | W40: 0.044093769 | X40: 0.04113334 | Y40: 0.065051566 | Z40: 0.046027319 | AA40: -0.030679675 | AB40: -0.067660335 | AC40: -0.071015037
B41: GBP 3m Libor (is no longer quoted) | C41: % naca | H41: 14 | J41: 0 | K41: 0 | L41: 0 | M41: 0 | N41: 0 | O41: 0 | P41: 0 | Q41: 0 | R41: 0 | S41: 0 | T41: 0 | U41: 0 | V41: 0 | W41: 0 | X41: 0 | Y41: 0 | Z41: 0 | AA41: 0 | AB41: 0 | AC41: 0
B43: Escalation | D43: Rates Source:
B45: Date From: | J45: ='PV Cashflow AFS FI'!H4 -> 45839 | K45: =J46+1 -> 46204 | L45: =K46+1 -> 46569 | M45: =L46+1 -> 46935 | N45: =M46+1 -> 47300 | O45: =N46+1 -> 47665 | P45: =O46+1 -> 48030 | Q45: =P46+1 -> 48396 | R45: =Q46+1 -> 48761 | ... AC45: =AB46+1 -> 52779
B46: Date To: | J46: =EOMONTH(J45,11) -> 46203 | K46: =EOMONTH(K45,11) -> 46568 | L46: =EOMONTH(L45,11) -> 46934 | M46: =EOMONTH(M45,11) -> 47299 | N46: =EOMONTH(N45,11) -> 47664 | O46: =EOMONTH(O45,11) -> 48029 | P46: =EOMONTH(P45,11) -> 48395 | Q46: =EOMONTH(Q45,11) -> 48760 | ... AC46: =EOMONTH(AC45,11) -> 53143
B47: - CPI RSA | J47: 0.05 | K47: 0.05 | L47: 0.05 | M47: 0.05 | N47: 0.05 | O47: 0.05 | P47: 0.05 | Q47: 0.05 | R47: 0.05 | S47: 0.05 | T47: 0.05 | U47: 0.05 | V47: 0.05 | W47: 0.05 | X47: 0.05 | Y47: 0.05 | Z47: 0.05 | AA47: 0.05 | AB47: 0.05 | AC47: 0.05
B48: - Eskom Escalation | J48: 0.1 | K48: 0.1 | L48: 0.1 | M48: 0.1 | N48: 0.1 | O48: 0.1 | P48: 0.1 | Q48: 0.1 | R48: 0.1 | S48: 0.1 | T48: 0.1 | U48: 0.1 | V48: 0.1 | W48: 0.1 | X48: 0.1 | Y48: 0.1 | Z48: 0.1 | AA48: 0.1 | AB48: 0.1 | AC48: 0.1

Sheet Issues
B1: Back to Cover Page
D2: Summary
E3: Unresolved | F3: WIP | G3: Completed
D4: Urgent | E4: =COUNTIFS($F$16:$F$115,$D4,$G$16:$G$115,E$3) -> 0 | F4: =COUNTIFS($F$16:$F$115,$D4,$G$16:$G$115,F$3) -> 0 | G4: =COUNTIFS($F$16:$F$115,$D4,$G$16:$G$115,G$3) -> 0
D5: High | E5: =COUNTIFS($F$16:$F$115,$D5,$G$16:$G$115,E$3) -> 0 | F5: =COUNTIFS($F$16:$F$115,$D5,$G$16:$G$115,F$3) -> 0 | G5: =COUNTIFS($F$16:$F$115,$D5,$G$16:$G$115,G$3) -> 0
D6: Low | E6: =COUNTIFS($F$16:$F$115,$D6,$G$16:$G$115,E$3) -> 0 | F6: =COUNTIFS($F$16:$F$115,$D6,$G$16:$G$115,F$3) -> 0 | G6: =COUNTIFS($F$16:$F$115,$D6,$G$16:$G$115,G$3) -> 0
B7: Issues Log
C9: Use this sheet to record unresolved model input issues, and track their resolution
C10: To insert a new issue, use the 'Live' row below and update the Description, Issue Location in the model and Priority, then copy and 'paste values' into the Table of Issues below
C11: Date Created | D11: Issue Description | E11: Issue location in model | F11: Priority | G11: Status
B12: Live: | C12: =NOW() -> 45727.286
C14: Table of Issues
C15: Date Created | D15: Issue Description | E15: Issue location in model | F15: Priority | G15: Status | H15: Resolution | I15: Date Resolved
B16: 1
B17: 2
B18: 3
B19: 4
B20: 5
B21: 6
B22: 7
B23: 8
B24: 9
B25: 10
B26: 11
B27: 12
... B115: 100

Sheet Megaflex Gen NLA
C1: Back to Cover Page | R1: #REF!
B2: Megaflex Gen - Non-local authority
E4: Active energy charge for loads [c/kWh] | Q4: Transmission network charges [R/kVA/m]
C5: Transmission zone | E5: High demand season [Jun - Aug] | K5: Low demand season [Sep - May]
D6: Voltage | E6: Peak | G6: Standard | I6: Off Peak | K6: Peak | M6: Standard | O6: Off Peak
F7: VAT incl | H7: VAT incl | J7: VAT incl | L7: VAT incl | N7: VAT incl | P7: VAT incl | R7: VAT incl
C8: ≤ 300km | D8: < 500V | E8: 611.94 | F8: 703.73 | G8: 186.18 | H8: 214.11 | I8: 101.66 | J8: 116.91 | K8: 200.38 | L8: 230.44 | M8: 138.26 | N8: 159 | O8: 88.15 | P8: 101.37 | Q8: 17.51 | R8: 20.14
D9: ≥ 500V & < 66kV | E9: 602.34 | F9: 692.69 | G9: 182.47 | H9: 209.84 | I9: 99.11 | J9: 113.98 | K9: 196.46 | L9: 225.93 | M9: 135.24 | N9: 155.53 | O9: 85.8 | P9: 98.67 | Q9: 16 | R9: 18.4
D10: ≥ 66kV & ≤ 132kV | E10: 583.26 | F10: 670.75 | G10: 176.67 | H10: 203.17 | I10: 95.96 | J10: 110.35 | K10: 190.28 | L10: 218.82 | M10: 130.92 | N10: 150.56 | O10: 83.11 | P10: 95.58 | Q10: 15.57 | R10: 17.91
D11: > 132kV* | E11: 549.7 | F11: 632.16 | G11: 166.49 | H11: 191.46 | I11: 90.44 | J11: 104.01 | K11: 179.37 | L11: 206.28 | M11: 123.42 | N11: 141.93 | O11: 78.31 | P11: 90.06 | Q11: 19.7 | R11: 22.66
C12: > 300km and ≤ 600km | D12: < 500V | E12: 616.92 | F12: 709.46 | G12: 186.92 | H12: 214.96 | I12: 101.49 | J12: 116.71 | K12: 201.26 | L12: 231.45 | M12: 138.57 | N12: 159.36 | O12: 87.91 | P12: 101.1 | Q12: 17.63 | R12: 20.27
D13: ≥ 500V & < 66kV | E13: 608.35 | F13: 699.6 | G13: 184.27 | H13: 211.91 | I13: 100.07 | J13: 115.08 | K13: 198.48 | L13: 228.25 | M13: 136.57 | N13: 157.06 | O13: 86.64 | P13: 99.64 | Q13: 16.14 | R13: 18.56
D14: ≥ 66kV & ≤ 132kV | E14: 588.99 | F14: 677.34 | G14: 178.4 | H14: 205.16 | I14: 96.85 | J14: 111.38 | K14: 192.12 | L14: 220.94 | M14: 132.23 | N14: 152.06 | O14: 83.9 | P14: 96.49 | Q14: 15.69 | R14: 18.04
D15: > 132kV* | E15: 555.21 | F15: 638.49 | G15: 168.22 | H15: 193.45 | I15: 91.29 | J15: 104.98 | K15: 181.09 | L15: 208.25 | M15: 124.61 | N15: 143.3 | O15: 79.04 | P15: 90.9 | Q15: 19.86 | R15: 22.84
C16: > 600km and ≤ 900km | D16: < 500V | E16: 623.07 | F16: 716.53 | G16: 188.75 | H16: 217.06 | I16: 102.47 | J16: 117.84 | K16: 203.25 | L16: 233.74 | M16: 139.91 | N16: 160.9 | O16: 88.73 | P16: 102.04 | Q16: 17.84 | R16: 20.52
D17: ≥ 500V & < 66kV | E17: 614.46 | F17: 706.63 | G17: 186.17 | H17: 214.1 | I17: 101.08 | J17: 116.24 | K17: 200.44 | L17: 230.51 | M17: 137.97 | N17: 158.67 | O17: 87.52 | P17: 100.65 | Q17: 16.29 | R17: 18.73
D18: ≥ 66kV & ≤ 132kV | E18: 595.01 | F18: 684.26 | G18: 180.25 | H18: 207.29 | I18: 97.86 | J18: 112.54 | K18: 194.08 | L18: 223.19 | M18: 133.61 | N18: 153.65 | O18: 84.77 | P18: 97.49 | Q18: 15.78 | R18: 18.15
D19: > 132kV* | E19: 560.8 | F19: 644.92 | G19: 169.85 | H19: 195.33 | I19: 92.3 | J19: 106.15 | K19: 182.92 | L19: 210.36 | M19: 125.89 | N19: 144.77 | O19: 79.89 | P19: 91.87 | Q19: 20.16 | R19: 23.18
C20: > 900km | D20: < 500V | E20: 629.34 | F20: 723.74 | G20: 190.72 | H20: 219.33 | I20: 103.51 | J20: 119.04 | K20: 205.32 | L20: 236.12 | M20: 141.29 | N20: 162.48 | O20: 89.66 | P20: 103.11 | Q20: 17.95 | R20: 20.64
D21: ≥ 500V & < 66kV | E21: 620.57 | F21: 713.66 | G21: 187.97 | H21: 216.17 | I21: 102.04 | J21: 117.35 | K21: 202.4 | L21: 232.76 | M21: 139.28 | N21: 160.17 | O21: 88.38 | P21: 101.64 | Q21: 16.48 | R21: 18.95
D22: ≥ 66kV & ≤ 132kV | E22: 600.97 | F22: 691.12 | G22: 182.03 | H22: 209.33 | I22: 98.84 | J22: 113.67 | K22: 196.02 | L22: 225.42 | M22: 134.92 | N22: 155.16 | O22: 85.59 | P22: 98.43 | Q22: 15.93 | R22: 18.32
D23: > 132kV* | E23: 566.26 | F23: 651.2 | G23: 171.61 | H23: 197.35 | I23: 93.24 | J23: 107.23 | K23: 184.83 | L23: 212.55 | M23: 127.26 | N23: 146.35 | O23: 80.77 | P23: 92.89 | Q23: 20.3 | R23: 23.35
C24: WEPS energy rate excluding losses | E24: 543.88048 | F24: 625.46 | G24: 164.72742 | H24: 189.44 | I24: 89.482537 | J24: 102.9 | K24: 177.47106 | L24: 204.09 | M24: 122.11339 | N24: 140.43 | O24: 77.480954 | P24: 89.1
D25: * 132 kV or Transmission connected | K25: 1.7747106 | L25: 1.2211339 | M25: 0.77480954 | N25: 5.4388048 | O25: 1.6472742 | P25: 0.89482537
C27: Distribution network charges for loads | L27: Transmission network charges for generators | P27: Distribution network charges for generators*
E28: Network capacity charge [R/kVA/m] | G28: Network demand charge [R/kVA/m] | I28: Urban low voltage subsidy charge [R/kVA/m]
C29: Voltage | L29: TUoS [ > 132kV] | N29: Network charge [R/kW] | P29: Voltage | R29: Network capacity charge [R/kW/m]
C30: Voltage | F30: VAT incl | H30: VAT incl | J30: VAT incl | O30: VAT incl
C31: < 500V | E31: 34.79 | F31: 40.01 | G31: 65.96 | H31: 75.85 | I31: 0 | J31: 0 | L31: Cape | N31: 0 | O31: 0 | S31: VAT incl
C32: ≥ 500V & < 66kV | E32: 31.91 | F32: 36.7 | G32: 60.52 | H32: 69.6 | I32: 0 | J32: 0 | L32: Karoo | N32: 0 | O32: 0 | P32: < 500V
C33: ≥ 66kV & ≤ 132kV | E33: 11.4 | F33: 13.11 | G33: 21.09 | H33: 24.25 | I33: 28.11 | J33: 32.33 | L33: Kwazulu-Natal | N33: 4.14 | O33: 4.76 | P33: ≥ 500V & < 66kV
C34: > 132kV / Transmission connected | E34: 0 | F34: 0 | G34: 0 | H34: 0 | I34: 28.11 | J34: 32.33 | L34: Vaal | N34: 13.77 | O34: 15.84 | P34: ≥ 66kV & ≤ 132kV | R34: 28.13 | S34: 32.35
L35: Waterberg | N35: 17.63 | O35: 20.27 | P35: * The Distribution network charge will be rebated by the Losses charge, but not beyond extintion
L36: Mpumalanga | N36: 16.36 | O36: 18.81
C37: Customer categories | E37: Service charge [R/account/day] | G37: Administration charge [R/POD/day]
C38: [kVA or MVA = loads] | L38: Ancillary service charge for loads and generators
C39: [kW or MW = generators] | F39: VAT incl | H39: VAT incl
C40: ≤ 100 KVA/ kW | E40: 28.42 | F40: 32.68 | G40: 6.25 | H40: 7.19 | L40: Voltage | N40: Ancillary service charge [c/kWh]
C41: > 100 kVA/ kW & ≤ 500 kVA/ kW | E41: 129.81 | F41: 149.28 | G41: 36.42 | H41: 41.88 | O41: VAT incl
C42: > 500 kVA/ kW & ≤ 1 MVA/MW | E42: 399.38 | F42: 459.29 | G42: 72.29 | H42: 83.13 | L42: < 500V | N42: 0.8 | O42: 0.92
C43: > 1 MVA/MW | E43: 399.38 | F43: 459.29 | G43: 180 | H43: 207 | L43: ≥ 500V & < 66kV | N43: 0.79 | O43: 0.91
C44: Key customers or Transmission connected generators | E44: 7826.42 | F44: 9000.38 | G44: 249.94 | H44: 287.43 | L44: ≥ 66kV & ≤ 132kV | N44: 0.77 | O44: 0.89
L45: > 132kV | N45: 0.71 | O45: 0.82 | T45: 0
C46: Applicable to loads | L46: * 132 kV or Transmission connected
C47: Electrification and rural network subsidy charge [c/kWh] | E47: Affordability subsidy charge [c/kWh] Only payable by non-local authority tariffs
H48: Reactive energy charge [c/kVArh] (loads)
H49: High season | J49: Low season
D50: VAT incl | F50: VAT incl | I50: VAT incl | K50: VAT incl
C51: 15.56 | D51: 17.89 | E51: 9.23 | F51: 10.61 | H51: 28.13 | I51: 32.35 | J51: 0 | K51: 0
C54: Losses charge for generators
C55: Distribution connected generators | H55: Transmission connected generators
C56: Formula | H56: Formula
C57: Distribution = - ((Energy produced x WEPS rate excluding losses) x (Distribution loss factor x Transmission loss factor-1)) in each TOU period | H57: Transmission = (Energy produced x WEPS rate excluding losses) x (Transmission loss factor-1/Transmission loss factor) in each TOU period
C58: Transmission loss factors for Distribution connected | F58: Distribution loss factors | H58: Generator loss factor
C59: Distance from Johannesburg | F59: Voltage | H59: Cape | J59: 0.971
C60: ≤ 300km | E60: 1.0107 | F60: < 500V | G60: 1.1111 | H60: Karoo | J60: 0.995
C61: > 300km & ≤ 600km | E61: 1.0208 | F61: ≥ 500V & < 66kV | G61: 1.0957 | H61: Kwazulu-Natal | J61: 1.004
C62: > 600km & ≤ 900km | E62: 1.031 | F62: ≥ 66kV & ≤ 132kV | G62: 1.0611 | H62: Vaal | J62: 1.02
C63: > 900km | E63: 1.0413 | F63: > 132kV* | G63: 1 | H63: Waterberg | J63: 1.023
C64: * 132 kV or Transmission connected | E64: 1 | G64: 1 | H64: Mpumalanga | J64: 1.021
C67: Type | D67: Tariff | E67: Unit | F67: Munic | G67: Season | H67: Transmission | I67: Voltage | J67: Customer | K67: Urban | L67: ToU | M67: Area
C68: Please select | D68: Please select | E68: Please select | F68: Please select | G68: Please select | H68: Please select | I68: Please select | J68: Please select | K68: Please select | L68: Please select | M68: Please select
C69: Megaflex | D69: Active energy charge | E69: R / kWh | F69: Local Authority | G69: High season | H69: N/A | I69: N/A | J69: N/A | K69: N/A | L69: Peak | M69: N/A
C70: Miniflex | D70: Transmission network charges | E70: R / kVA/m | F70: Non Local Authority | G70: Low season | H70: ≤ 300km | I70: < 500V | J70: < 100KVA/ kW | K70: Urban | L70: Standard | M70: Cape
C71: Ruralflex | D71: Network capacity charge | E71: R / account / day | H71: > 300km and ≤ 600km | I71: ≥ 500V & < 66kV | J71: > 100 kVA/ kW & ≤ 500 kVA/ KW | K71: Rural | L71: Offpeak | M71: Karoo
C72: Client Tariff | D72: Network demand charge | E72: R / kVArh | H72: > 600km and ≤ 900km | I72: ≥ 66kV & ≤ 132kV | J72: > 500 kVA/ kW & ≤ 1 MVA/MW | M72: Kwazulu-Natal
C73: Ekurhuleni | D73: Urban low voltage subsidy charge | E73: C / kWh | H73: > 900km | I73: > 132kV* | J73: > 1 MVA/MW | M73: Vaal
C74: Cape Town | D74: Ancillary service charge | E74: C / kVArh | I74: Low Voltage | J74: Key customers or Transmission connected generators | M74: Waterberg
C75: Nightsave | D75: Service charge | E75: R / KVA NMD | I75: Medium Voltage | M75: Mpumalanga
C76: Megaflex Rebalanced | D76: Administration charge | I76: High Voltage
D77: Electrification and rural network subsidy charge
D78: Affordability subsidy charge
D79: High season Reactive energy charge
D80: WEPS energy rate excluding losses
D81: Demand Charge
D82: Service charge
D83: Network access charge

Sheet Megaflex LA
C1: Back to Cover Page | R1: #REF!
B3: Megaflex – Local Authority
E5: Active energy charge [c/kWh] | Q5: Transmission network charges [R/kVA/m]
C6: Transmission zone | E6: High demand season [Jun - Aug] | K6: Low demand season [Sep - May]
D7: Voltage | E7: Peak | G7: Standard | I7: Off Peak | K7: Peak | M7: Standard | O7: Off Peak
F8: VAT incl | H8: VAT incl | J8: VAT incl | L8: VAT incl | N8: VAT incl | P8: VAT incl | R8: VAT incl
C9: ≤ 300km | D9: < 500V | E9: 634.05 | F9: 729.16 | G9: 192.94 | H9: 221.88 | I9: 105.28 | J9: 121.07 | K9: 207.57 | L9: 238.71 | M9: 143.26 | N9: 164.75 | O9: 91.31 | P9: 105.01 | Q9: 17.67 | R9: 20.32
D10: ≥ 500V & < 66kV | E10: 624.05 | F10: 717.66 | G10: 189.08 | H10: 217.44 | I10: 102.7 | J10: 118.11 | K10: 203.57 | L10: 234.11 | M10: 140.1 | N10: 161.12 | O10: 88.91 | P10: 102.25 | Q10: 16.12 | R10: 18.54
D11: ≥ 66kV & ≤ 132kV | E11: 604.37 | F11: 695.03 | G11: 183.08 | H11: 210.54 | I11: 99.43 | J11: 114.34 | K11: 197.16 | L11: 226.73 | M11: 135.73 | N11: 156.09 | O11: 86.08 | P11: 98.99 | Q11: 15.68 | R11: 18.03
D12: > 132kV* | E12: 569.57 | F12: 655.01 | G12: 172.54 | H12: 198.42 | I12: 93.69 | J12: 107.74 | K12: 185.8 | L12: 213.67 | M12: 127.87 | N12: 147.05 | O12: 81.11 | P12: 93.28 | Q12: 19.86 | R12: 22.84
C13: > 300km and ≤ 600km | D13: < 500V | E13: 639.22 | F13: 735.1 | G13: 193.63 | H13: 222.67 | I13: 105.13 | J13: 120.9 | K13: 208.52 | L13: 239.8 | M13: 143.55 | N13: 165.08 | O13: 91.08 | P13: 104.74 | Q13: 17.74 | R13: 20.4
D14: ≥ 500V & < 66kV | E14: 630.3 | F14: 724.85 | G14: 190.94 | H14: 219.58 | I14: 103.68 | J14: 119.23 | K14: 205.65 | L14: 236.5 | M14: 141.52 | N14: 162.75 | O14: 89.77 | P14: 103.24 | Q14: 16.31 | R14: 18.76
D15: ≥ 66kV & ≤ 132kV | E15: 610.28 | F15: 701.82 | G15: 184.86 | H15: 212.59 | I15: 100.39 | J15: 115.45 | K15: 199.09 | L15: 228.95 | M15: 137 | N15: 157.55 | O15: 86.9 | P15: 99.94 | Q15: 15.81 | R15: 18.18
D16: > 132kV* | E16: 575.26 | F16: 661.55 | G16: 174.31 | H16: 200.46 | I16: 94.63 | J16: 108.82 | K16: 187.62 | L16: 215.76 | M16: 129.18 | N16: 148.56 | O16: 81.91 | P16: 94.2 | Q16: 20.05 | R16: 23.06
C17: > 600km and ≤ 900km | D17: < 500V | E17: 645.6 | F17: 742.44 | G17: 195.58 | H17: 224.92 | I17: 106.18 | J17: 122.11 | K17: 210.57 | L17: 242.16 | M17: 144.97 | N17: 166.72 | O17: 91.97 | P17: 105.77 | Q17: 17.98 | R17: 20.68
D18: ≥ 500V & < 66kV | E18: 636.65 | F18: 732.15 | G18: 192.84 | H18: 221.77 | I18: 104.74 | J18: 120.45 | K18: 207.72 | L18: 238.88 | M18: 142.87 | N18: 164.3 | O18: 90.68 | P18: 104.28 | Q18: 16.4 | R18: 18.86
D19: ≥ 66kV & ≤ 132kV | E19: 616.5 | F19: 708.98 | G19: 186.72 | H19: 214.73 | I19: 101.38 | J19: 116.59 | K19: 201.04 | L19: 231.2 | M19: 138.36 | N19: 159.11 | O19: 87.75 | P19: 100.91 | Q19: 15.94 | R19: 18.33
D20: > 132kV* | E20: 581.03 | F20: 668.18 | G20: 176.05 | H20: 202.46 | I20: 95.58 | J20: 109.92 | K20: 189.56 | L20: 217.99 | M20: 130.45 | N20: 150.02 | O20: 82.75 | P20: 95.16 | Q20: 20.32 | R20: 23.37
C21: > 900km | D21: < 500V | E21: 652.06 | F21: 749.87 | G21: 197.56 | H21: 227.19 | I21: 107.28 | J21: 123.37 | K21: 212.74 | L21: 244.65 | M21: 146.39 | N21: 168.35 | O21: 92.89 | P21: 106.82 | Q21: 18.06 | R21: 20.77
D22: ≥ 500V & < 66kV | E22: 643.01 | F22: 739.46 | G22: 194.77 | H22: 223.99 | I22: 105.79 | J22: 121.66 | K22: 209.73 | L22: 241.19 | M22: 144.35 | N22: 166 | O22: 91.54 | P22: 105.27 | Q22: 16.59 | R22: 19.08
D23: ≥ 66kV & ≤ 132kV | E23: 622.7 | F23: 716.11 | G23: 188.65 | H23: 216.95 | I23: 102.44 | J23: 117.81 | K23: 203.12 | L23: 233.59 | M23: 139.77 | N23: 160.74 | O23: 88.67 | P23: 101.97 | Q23: 16.05 | R23: 18.46
D24: > 132kV* | E24: 586.75 | F24: 674.76 | G24: 177.82 | H24: 204.49 | I24: 96.65 | J24: 111.15 | K24: 191.5 | L24: 220.23 | M24: 131.81 | N24: 151.58 | O24: 83.66 | P24: 96.21 | Q24: 20.45 | R24: 23.52
D25: * 132 kV or Transmission connected
C27: Distribution network charges
E28: Network capacity charge [R/kVA/m] | G28: Network demand charge [R/kVA/m] | I28: Urban low voltage subsidy charge [R/kVA/m]
C29: Voltage | L29: Voltage | N29: Ancillary service charge [c/kWh]
F30: VAT incl | H30: VAT incl | J30: VAT incl | O30: VAT incl
C31: < 500V | E31: 35.24 | F31: 40.53 | G31: 66.75 | H31: 76.76 | I31: 0 | J31: 0 | L31: < 500V | N31: 0.82 | O31: 0.94
C32: ≥ 500V & < 66kV | E32: 32.29 | F32: 37.13 | G32: 61.22 | H32: 70.4 | I32: 0 | J32: 0 | L32: ≥ 500V & < 66kV | N32: 0.8 | O32: 0.92
C33: ≥ 66kV & ≤ 132kV | E33: 11.55 | F33: 13.28 | G33: 21.37 | H33: 24.58 | I33: 28.29 | J33: 32.53 | L33: ≥ 66kV & ≤ 132kV | N33: 0.73 | O33: 0.84
C34: > 132kV* | E34: 0 | F34: 0 | G34: 0 | H34: 0 | I34: 28.29 | J34: 32.53 | L34: > 132kV* | N34: 0.7 | O34: 0.81
C35: * 132 kV or Transmission connected | L35: * 132 kV or Transmission connected
C37: Customer categories | E37: Service charge [R/account/day] | G37: Administration charge [R/POD/day] | L37: Reactive energy charge [c/kVArh]
L38: High season | N38: Low season
F39: VAT incl | H39: VAT incl | M39: VAT incl | O39: VAT incl
C40: > 1 MVA | E40: 402.32 | F40: 462.67 | G40: 181.34 | H40: 208.54 | L40: 28.3 | M40: 32.55 | N40: 0 | O40: 0
C41: Key customers | E41: 7883.85 | F41: 9066.43 | G41: 251.77 | H41: 289.54
C43: Electrification and rural network subsidy charge [c/kWh]
D46: VAT incl
C47: 15.67 | D47: 18.02
